Workbook
Name bulk_food: #REF!
Name Car: 'Car and truck'!$A$4:$A$12
Name Carandtruck: 'Car and truck'!$A$4:$A$12
Name Chemicals: Chemicals!$A$4:$A$8
Name CSAaddon: #REF!
Name Custom: 'Custom hire'!$A$4:$A$6
Name Expensecategory: 'Schedule F'!$A$2:$A$24
Name Fertilizers: 'Fertilizers and lime'!$A$4:$A$15
Name Gasoline: Gasoline!$A$4:$A$7
Name Insurance: Insurance!$A$4:$A$5
Name Labor: Labor!$A$4:$A$5
Name Other: 'Other expenses'!$A$4:$A$8
Name Ramps_for_BCS: 'Expense tracking'!$C$2
Name Reimbursement: #REF!
Name Reimbursements: #REF!
Name Rent: 'Rent or lease'!$A$4:$A$6
Name Repairs: 'Repairs and maintenance'!$A$4:$A$7
Name Seeds: 'Seeds and plants'!$A$4:$A$5
Name Supplies: Supplies!$A$4:$A$68
Name Utilities: Utilities!$A$4:$A$8

Sheet Months
A1: These months are used in the date formulas in the cashflow sheet
A2: Months
A3: 43466
A4: 43496
A5: 43497
A6: 43524
A7: 43525
A8: 43555
A9: 43556
A10: 43585
A11: 43586
A12: 43616
A13: 43617
A14: 43646
... A26: 43830

Sheet Cash flow
B1: Projected total 2019 | C1: Jan projected | D1: Jan actual | E1: Feb projected | F1: Feb actual | G1: Mar projected | H1: Mar actual | I1: Apr projected | J1: Apr actual | K1: May projected | L1: May actual | M1: June projected | N1: June actual | O1: July projected | P1: July actual | Q1: Aug projected | R1: Aug actual | S1: Sept projected | T1: Sept actual | U1: Oct projected | V1: Oct actual | W1: Nov projected | X1: Nov actual | Y1: Dec projected | Z1: Dec actual | AA1: Year end projected | AB1: Year end actual
C2: Our cashflow numbers were just an educated guess at the start of the season. After filling out our expenses for a full year, we have a much better idea of when our biggest expenses will occur and can update our projections accordingly.
A3: starting cash
A4: Cash in:
A6: CSA
A7: No. of customers | B7: 40 | C7: 0 | D7: =COUNTIFS('Income tracking'!A:A,">="&Months!A3,'Income tracking'!A:A,"<="&Months!A4,'Income tracking'!B:B, "CSA") -> 0 | E7: 0 | F7: =COUNTIFS('Income tracking'!A:A,">="&Months!A5,'Income tracking'!A:A,"<="&Months!A6,'Income tracking'!B:B, "CSA") -> 0 | G7: 0 | H7: =COUNTIFS('Income tracking'!A:A,">="&Months!A7,'Income tracking'!A:A,"<="&Months!A8,'Income tracking'!B:B, "CSA") -> 0 | I7: 0 | J7: =COUNTIFS('Income tracking'!A:A,">="&Months!A9,'Income tracking'!A:A,"<="&Months!A10,'Income tracking'!B:B, "CSA") -> 0 | K7: 0 | L7: =COUNTIFS('Income tracking'!A:A,">="&Months!A11,'Income tracking'!A:A,"<="&Months!A12,'Income tracking'!B:B, "CSA") -> 0 | M7: 0 | N7: =COUNTIFS('Income tracking'!A:A,">="&Months!A13,'Income tracking'!A:A,"<="&Months!A14,'Income tracking'!B:B, "CSA") -> 0 | O7: 0 | P7: =COUNTIFS('Income tracking'!A:A,">="&Months!A15,'Income tracking'!A:A,"<="&Months!A16,'Income tracking'!B:B, "CSA") -> 0 | Q7: 0 | R7: =COUNTIFS('Income tracking'!A:A,">="&Months!A17,'Income tracking'!A:A,"<="&Months!A18,'Income tracking'!B:B, "CSA") -> 0 | S7: 0 | T7: =COUNTIFS('Income tracking'!A:A,">="&Months!A19,'Income tracking'!A:A,"<="&Months!A20,'Income tracking'!B:B, "CSA") -> 0 | U7: 0 | V7: =COUNTIFS('Income tracking'!A:A,">="&Months!A21,'Income tracking'!A:A,"<="&Months!A22,'Income tracking'!B:B, "CSA") -> 0 | W7: 0 | X7: =COUNTIFS('Income tracking'!A:A,">="&Months!A23,'Income tracking'!A:A,"<="&Months!A24,'Income tracking'!B:B, "CSA") -> 0 | Z7: =COUNTIFS('Income tracking'!A:A,">="&Months!A25,'Income tracking'!A:A,"<="&Months!A26,'Income tracking'!B:B, "CSA") -> 0 | AA7: =SUM(Y7,W7,U7,S7,Q7,O7,M7,K7,I7,G7,E7,C7) -> 0 | AB7: =SUM(Z7,X7,V7,T7,R7,P7,N7,L7,J7,H7,F7,D7) -> 0
A8: Amt paid | B8: 600 | C8: 0 | E8: 0 | G8: 0 | I8: 0 | K8: 0 | M8: 0 | O8: 0 | Q8: 0 | S8: 0 | U8: 0 | W8: 0
A9: CSA subtotal | B9: =B8*B7 -> 24000 | C9: =C8*C7 -> 0 | D9: =SUMIFS('Income tracking'!C:C,'Income tracking'!A:A,">="&Months!A3,'Income tracking'!A:A,"<="&Months!A4,'Income tracking'!B:B, "CSA") -> 0 | E9: =E8*E7 -> 0 | F9: =SUMIFS('Income tracking'!C:C,'Income tracking'!A:A,">="&Months!A5,'Income tracking'!A:A,"<="&Months!A6,'Income tracking'!B:B, "CSA") -> 0 | G9: =SUM(G7*G8) -> 0 | H9: =SUMIFS('Income tracking'!C:C,'Income tracking'!A:A,">="&Months!A7,'Income tracking'!A:A,"<="&Months!A8,'Income tracking'!B:B, "CSA") -> 0 | I9: =I8*I7 -> 0 | J9: =SUMIFS('Income tracking'!C:C,'Income tracking'!A:A,">="&Months!A9,'Income tracking'!A:A,"<="&Months!A10,'Income tracking'!B:B, "CSA") -> 0 | K9: =K8*K7 -> 0 | L9: =SUMIFS('Income tracking'!C:C,'Income tracking'!A:A,">="&Months!A11,'Income tracking'!A:A,"<="&Months!A12,'Income tracking'!B:B, "CSA") -> 0 | M9: =M8*M7 -> 0 | N9: =SUMIFS('Income tracking'!C:C,'Income tracking'!A:A,">="&Months!A13,'Income tracking'!A:A,"<="&Months!A14,'Income tracking'!B:B, "CSA") -> 0 | O9: =O8*O7 -> 0 | P9: =SUMIFS('Income tracking'!C:C,'Income tracking'!A:A,">="&Months!A15,'Income tracking'!A:A,"<="&Months!A16,'Income tracking'!B:B, "CSA") -> 0 | Q9: =Q8*Q7 -> 0 | R9: =SUMIFS('Income tracking'!C:C,'Income tracking'!A:A,">="&Months!A17,'Income tracking'!A:A,"<="&Months!A18,'Income tracking'!B:B, "CSA") -> 0 | S9: =S8*S7 -> 0 | T9: =SUMIFS('Income tracking'!C:C,'Income tracking'!A:A,">="&Months!A19,'Income tracking'!A:A,"<="&Months!A20,'Income tracking'!B:B, "CSA") -> 0 | U9: =U8*U7 -> 0 | V9: =SUMIFS('Income tracking'!C:C,'Income tracking'!A:A,">="&Months!A21,'Income tracking'!A:A,"<="&Months!A22,'Income tracking'!B:B, "CSA") -> 0 | W9: =W8*W7 -> 0 | X9: =SUMIFS('Income tracking'!C:C,'Income tracking'!A:A,">="&Months!A23,'Income tracking'!A:A,"<="&Months!A24,'Income tracking'!B:B, "CSA") -> 0 | Y9: =Y8*Y7 -> 0 | Z9: =SUMIFS('Income tracking'!C:C,'Income tracking'!A:A,">="&Months!A25,'Income tracking'!A:A,"<="&Months!A26,'Income tracking'!B:B, "CSA") -> 0 | AA9: =SUM(Y9,W9,U9,S9,Q9,O9,M9,K9,I9,G9,E9,C9) -> 0 | AB9: =SUM(Z9,X9,V9,T9,R9,P9,N9,L9,J9,H9,F9,D9) -> 0
A11: Farmers' Market
A12: Linden (LFM) | B12: 2000 | C12: 0 | D12: =SUMIFS('Income tracking'!C:C,'Income tracking'!A:A,">="&Months!A3,'Income tracking'!A:A,"<="&Months!A4,'Income tracking'!B:B, "LFM") -> 0 | E12: 0 | F12: =SUMIFS('Income tracking'!C:C,'Income tracking'!A:A,">="&Months!A5,'Income tracking'!A:A,"<="&Months!A6,'Income tracking'!B:B, "LFM") -> 0 | G12: 0 | H12: =SUMIFS('Income tracking'!C:C,'Income tracking'!A:A,">="&Months!A7,'Income tracking'!A:A,"<="&Months!A8,'Income tracking'!B:B, "LFM") -> 0 | I12: 0 | J12: =SUMIFS('Income tracking'!C:C,'Income tracking'!A:A,">="&Months!A9,'Income tracking'!A:A,"<="&Months!A10,'Income tracking'!B:B, "LFM") -> 0 | K12: =0 -> 0 | L12: =SUMIFS('Income tracking'!C:C,'Income tracking'!A:A,">="&Months!A11,'Income tracking'!A:A,"<="&Months!A12,'Income tracking'!B:B, "LFM") -> 0 | M12: 0 | N12: =SUMIFS('Income tracking'!C:C,'Income tracking'!A:A,">="&Months!A13,'Income tracking'!A:A,"<="&Months!A14,'Income tracking'!B:B, "LFM") -> 0 | O12: 0 | P12: =SUMIFS('Income tracking'!C:C,'Income tracking'!A:A,">="&Months!A15,'Income tracking'!A:A,"<="&Months!A16,'Income tracking'!B:B, "LFM") -> 0 | Q12: 0 | R12: =SUMIFS('Income tracking'!C:C,'Income tracking'!A:A,">="&Months!A17,'Income tracking'!A:A,"<="&Months!A18,'Income tracking'!B:B, "LFM") -> 0 | S12: 0 | T12: =SUMIFS('Income tracking'!C:C,'Income tracking'!A:A,">="&Months!A19,'Income tracking'!A:A,"<="&Months!A20,'Income tracking'!B:B, "LFM") -> 0 | U12: 0 | V12: =SUMIFS('Income tracking'!C:C,'Income tracking'!A:A,">="&Months!A21,'Income tracking'!A:A,"<="&Months!A22,'Income tracking'!B:B, "LFM") -> 0 | W12: =0 -> 0 | X12: =SUMIFS('Income tracking'!C:C,'Income tracking'!A:A,">="&Months!A23,'Income tracking'!A:A,"<="&Months!A24,'Income tracking'!B:B, "LFM") -> 0 | Y12: =0 -> 0 | Z12: =SUMIFS('Income tracking'!C:C,'Income tracking'!A:A,">="&Months!A25,'Income tracking'!A:A,"<="&Months!A26,'Income tracking'!B:B, "LFM") -> 0 | AA12: 0 | AB12: =SUM(Z12,X12,V12,T12,R12,P12,N12,L12,J12,H12,F12,D12) -> 0
A13: Clintonville (CFM) | B13: 18600 | C13: 0 | D13: =SUMIFS('Income tracking'!C:C,'Income tracking'!A:A,">="&Months!A3,'Income tracking'!A:A,"<="&Months!A4,'Income tracking'!B:B, "CFM") -> 0 | E13: 0 | F13: =SUMIFS('Income tracking'!C:C,'Income tracking'!A:A,">="&Months!A5,'Income tracking'!A:A,"<="&Months!A6,'Income tracking'!B:B, "CFM") -> 0 | G13: 0 | H13: =SUMIFS('Income tracking'!C:C,'Income tracking'!A:A,">="&Months!A7,'Income tracking'!A:A,"<="&Months!A8,'Income tracking'!B:B, "CFM") -> 0 | I13: 0 | J13: =SUMIFS('Income tracking'!C:C,'Income tracking'!A:A,">="&Months!A9,'Income tracking'!A:A,"<="&Months!A10,'Income tracking'!B:B, "CFM") -> 0 | K13: 0 | L13: =SUMIFS('Income tracking'!C:C,'Income tracking'!A:A,">="&Months!A11,'Income tracking'!A:A,"<="&Months!A12,'Income tracking'!B:B, "CFM") -> 0 | M13: 0 | N13: =SUMIFS('Income tracking'!C:C,'Income tracking'!A:A,">="&Months!A13,'Income tracking'!A:A,"<="&Months!A14,'Income tracking'!B:B, "CFM") -> 0 | O13: 0 | P13: =SUMIFS('Income tracking'!C:C,'Income tracking'!A:A,">="&Months!A15,'Income tracking'!A:A,"<="&Months!A16,'Income tracking'!B:B, "CFM") -> 0 | Q13: 0 | R13: =SUMIFS('Income tracking'!C:C,'Income tracking'!A:A,">="&Months!A17,'Income tracking'!A:A,"<="&Months!A18,'Income tracking'!B:B, "CFM") -> 0 | S13: 0 | T13: =SUMIFS('Income tracking'!C:C,'Income tracking'!A:A,">="&Months!A19,'Income tracking'!A:A,"<="&Months!A20,'Income tracking'!B:B, "CFM") -> 0 | U13: 0 | V13: =SUMIFS('Income tracking'!C:C,'Income tracking'!A:A,">="&Months!A21,'Income tracking'!A:A,"<="&Months!A22,'Income tracking'!B:B, "CFM") -> 0 | W13: 0 | X13: =SUMIFS('Income tracking'!C:C,'Income tracking'!A:A,">="&Months!A23,'Income tracking'!A:A,"<="&Months!A24,'Income tracking'!B:B, "CFM") -> 0 | Y13: =0 -> 0 | Z13: =SUMIFS('Income tracking'!C:C,'Income tracking'!A:A,">="&Months!A25,'Income tracking'!A:A,"<="&Months!A26,'Income tracking'!B:B, "CFM") -> 0 | AA13: 0 | AB13: =SUM(Z13,X13,V13,T13,R13,P13,N13,L13,J13,H13,F13,D13) -> 0
A14: FM subtotal | B14: =SUM(B12:B13) -> 20600 | C14: =SUM(C12:C13) -> 0 | D14: =SUM(D12:D13) -> 0 | E14: =SUM(E12:E13) -> 0 | F14: =SUM(F12:F13) -> 0 | G14: =SUM(G12:G13) -> 0 | H14: =SUM(H12:H13) -> 0 | I14: =SUM(I12:I13) -> 0 | ... Z14: =SUM(Z12:Z13) -> 0 | AA14: =SUM(Y14,W14,U14,S14,Q14,O14,M14,K14,I14,G14,E14,C14) -> 0 | AB14: =SUM(Z14,X14,V14,T14,R14,P14,N14,L14,J14,H14,F14,D14) -> 0
A16: Wholesale
A17: No. of orders | B17: 33 | C17: 0 | D17: =COUNTIFS('Income tracking'!A:A,">="&Months!A3,'Income tracking'!A:A,"<="&Months!A4,'Income tracking'!B:B, "wholesale") -> 0 | E17: 0 | F17: =COUNTIFS('Income tracking'!A:A,">="&Months!A5,'Income tracking'!A:A,"<="&Months!A6,'Income tracking'!B:B, "wholesale") -> 0 | G17: 0 | H17: =COUNTIFS('Income tracking'!A:A,">="&Months!A7,'Income tracking'!A:A,"<="&Months!A8,'Income tracking'!B:B, "wholesale") -> 0 | I17: 0 | J17: =COUNTIFS('Income tracking'!A:A,">="&Months!A9,'Income tracking'!A:A,"<="&Months!A10,'Income tracking'!B:B, "wholesale") -> 0 | K17: 0 | L17: =COUNTIFS('Income tracking'!A:A,">="&Months!A11,'Income tracking'!A:A,"<="&Months!A12,'Income tracking'!B:B, "wholesale") -> 0 | M17: 0 | N17: =COUNTIFS('Income tracking'!A:A,">="&Months!A13,'Income tracking'!A:A,"<="&Months!A14,'Income tracking'!B:B, "wholesale") -> 0 | O17: 0 | P17: =COUNTIFS('Income tracking'!A:A,">="&Months!A15,'Income tracking'!A:A,"<="&Months!A16,'Income tracking'!B:B, "wholesale") -> 0 | Q17: 0 | R17: =COUNTIFS('Income tracking'!A:A,">="&Months!A17,'Income tracking'!A:A,"<="&Months!A18,'Income tracking'!B:B, "wholesale") -> 0 | S17: 0 | T17: =COUNTIFS('Income tracking'!A:A,">="&Months!A19,'Income tracking'!A:A,"<="&Months!A20,'Income tracking'!B:B, "wholesale") -> 0 | U17: 0 | V17: =COUNTIFS('Income tracking'!A:A,">="&Months!A21,'Income tracking'!A:A,"<="&Months!A22,'Income tracking'!B:B, "wholesale") -> 0 | W17: 0 | X17: =COUNTIFS('Income tracking'!A:A,">="&Months!A23,'Income tracking'!A:A,"<="&Months!A24,'Income tracking'!B:B, "wholesale") -> 0 | Y17: 0 | Z17: =SUMIFS('Income tracking'!C:C,'Income tracking'!A:A,">="&Months!A25,'Income tracking'!A:A,"<="&Months!A26,'Income tracking'!B:B, "wholesale") -> 0 | AA17: 0 | AB17: =SUM(Z17,X17,V17,T17,R17,P17,N17,L17,J17,H17,F17,D17) -> 0
A18: Average value of order | B18: 50 | C18: 0 | E18: 0 | G18: 0 | I18: 0 | K18: 0 | M18: 0 | O18: 0 | Q18: 0 | S18: 0 | U18: 0 | W18: 0 | Y18: 0 | AA18: =AA19/AA17 -> #DIV/0! | AB18: =AB19/AB17 -> #DIV/0!
A19: Wholesale subtotal | B19: =(B18*B17) -> 1650 | C19: =(C18*C17) -> 0 | D19: =SUMIFS('Income tracking'!C:C,'Income tracking'!A:A,">="&Months!A3,'Income tracking'!A:A,"<="&Months!A4,'Income tracking'!B:B, "wholesale") -> 0 | E19: =(E18*E17) -> 0 | F19: =SUMIFS('Income tracking'!C:C,'Income tracking'!A:A,">="&Months!A5,'Income tracking'!A:A,"<="&Months!A6,'Income tracking'!B:B, "wholesale") -> 0 | G19: =(G18*G17) -> 0 | H19: =SUMIFS('Income tracking'!C:C,'Income tracking'!A:A,">="&Months!A7,'Income tracking'!A:A,"<="&Months!A8,'Income tracking'!B:B, "wholesale") -> 0 | I19: =(I18*I17) -> 0 | J19: =SUMIFS('Income tracking'!C:C,'Income tracking'!A:A,">="&Months!A9,'Income tracking'!A:A,"<="&Months!A10,'Income tracking'!B:B, "wholesale") -> 0 | K19: =(K18*K17) -> 0 | L19: =SUMIFS('Income tracking'!C:C,'Income tracking'!A:A,">="&Months!A11,'Income tracking'!A:A,"<="&Months!A12,'Income tracking'!B:B, "wholesale") -> 0 | M19: =(M18*M17) -> 0 | N19: =SUMIFS('Income tracking'!C:C,'Income tracking'!A:A,">="&Months!A13,'Income tracking'!A:A,"<="&Months!A14,'Income tracking'!B:B, "wholesale") -> 0 | O19: =(O18*O17) -> 0 | P19: =SUMIFS('Income tracking'!C:C,'Income tracking'!A:A,">="&Months!A15,'Income tracking'!A:A,"<="&Months!A16,'Income tracking'!B:B, "wholesale") -> 0 | Q19: =(Q18*Q17) -> 0 | R19: =SUMIFS('Income tracking'!C:C,'Income tracking'!A:A,">="&Months!A17,'Income tracking'!A:A,"<="&Months!A18,'Income tracking'!B:B, "wholesale") -> 0 | S19: =(S18*S17) -> 0 | T19: =SUMIFS('Income tracking'!C:C,'Income tracking'!A:A,">="&Months!A19,'Income tracking'!A:A,"<="&Months!A20,'Income tracking'!B:B, "wholesale") -> 0 | U19: =(U18*U17) -> 0 | V19: =SUMIFS('Income tracking'!C:C,'Income tracking'!A:A,">="&Months!A21,'Income tracking'!A:A,"<="&Months!A22,'Income tracking'!B:B, "wholesale") -> 0 | W19: =(W18*W17) -> 0 | X19: =SUMIFS('Income tracking'!C:C,'Income tracking'!A:A,">="&Months!A23,'Income tracking'!A:A,"<="&Months!A24,'Income tracking'!B:B, "wholesale") -> 0 | Y19: =Y18*Y17 -> 0 | Z19: =SUMIFS('Income tracking'!C:C,'Income tracking'!A:A,">="&Months!A25,'Income tracking'!A:A,"<="&Months!A26,'Income tracking'!B:B, "wholesale") -> 0 | AA19: =SUM(Y19,W19,U19,S19,Q19,O19,M19,K19,I19,G19,E19,C19) -> 0 | AB19: =SUM(Z19,X19,V19,T19,R19,P19,N19,L19,J19,H19,F19,D19) -> 0
A21: Total cash in: | B21: =SUM(B19+B14+B9) -> 46250 | C21: =SUM(C19,C14,C9) -> 0 | D21: =SUM(D19,D14,D9) -> 0 | E21: =SUM(E19,E14,E9) -> 0 | F21: =SUM(F19,F14,F9) -> 0 | G21: =SUM(G19,G14,G9) -> 0 | H21: =SUM(H19,H14,H9) -> 0 | I21: =SUM(I19,I14,I9) -> 0 | J21: =SUM(J19,J14,J9) -> 0 | ... AB21: =SUM(AB19,AB14,AB9) -> 0
A23: MOF grant
A24: Grant subtotal | B24: 13800 | C24: 0 | E24: 0 | G24: 3000 | I24: 3000 | K24: 3000 | M24: 3000 | O24: 0 | Q24: 0 | S24: 0 | U24: 0 | W24: 0 | Y24: 0
A26: Cash balance (monthly basis): | C26: =C21-C29 -> 0 | D26: =D21-D29 -> 0 | E26: =E21-E29 -> 0 | F26: =F21-F29 -> 0 | G26: =G21-G29 -> 0 | H26: =H21-H29 -> 0 | I26: =I21-I29 -> 0 | J26: =J21-J29 -> 0 | ... Z26: =Z21-Z29 -> 0
A29: Cash out: | B29: =SUM(B30:B42) -> 0 | C29: =SUM(C30:C42) -> 0 | D29: =SUM(D30:D42) -> 0 | E29: =SUM(E30:E42) -> 0 | F29: =SUM(F30:F42) -> 0 | G29: =SUM(G30:G42) -> 0 | H29: =SUM(H30:H42) -> 0 | I29: =SUM(I30:I42) -> 0 | ... AB29: =SUM(AB30:AB42) -> 0
A30: Car and truck | B30: ='Car and truck'!D13 -> 0 | C30: 0 | D30: =SUMIFS('Expense tracking'!E:E,'Expense tracking'!A:A,">="&Months!A3,'Expense tracking'!A:A,"<="&Months!A4,'Expense tracking'!B:B, "car") -> 0 | E30: 0 | F30: =SUMIFS('Expense tracking'!E:E,'Expense tracking'!A:A,">="&Months!A5,'Expense tracking'!A:A,"<="&Months!A6,'Expense tracking'!B:B, "car") -> 0 | G30: 0 | H30: =SUMIFS('Expense tracking'!E:E,'Expense tracking'!A:A,">="&Months!A7,'Expense tracking'!A:A,"<="&Months!A8,'Expense tracking'!B:B, "car") -> 0 | I30: 0 | J30: =SUMIFS('Expense tracking'!E:E,'Expense tracking'!A:A,">="&Months!A9,'Expense tracking'!A:A,"<="&Months!A10,'Expense tracking'!B:B, "car") -> 0 | K30: 0 | L30: =SUMIFS('Expense tracking'!E:E,'Expense tracking'!A:A,">="&Months!A11,'Expense tracking'!A:A,"<="&Months!A12,'Expense tracking'!B:B, "car") -> 0 | M30: 0 | N30: =SUMIFS('Expense tracking'!E:E,'Expense tracking'!A:A,">="&Months!A13,'Expense tracking'!A:A,"<="&Months!A14,'Expense tracking'!B:B, "car") -> 0 | O30: 0 | P30: =SUMIFS('Expense tracking'!E:E,'Expense tracking'!A:A,">="&Months!A15,'Expense tracking'!A:A,"<="&Months!A16,'Expense tracking'!B:B, "car") -> 0 | Q30: 0 | R30: =SUMIFS('Expense tracking'!E:E,'Expense tracking'!A:A,">="&Months!A17,'Expense tracking'!A:A,"<="&Months!A18,'Expense tracking'!B:B, "car") -> 0 | S30: 0 | T30: =SUMIFS('Expense tracking'!E:E,'Expense tracking'!A:A,">="&Months!A19,'Expense tracking'!A:A,"<="&Months!A20,'Expense tracking'!B:B, "car") -> 0 | U30: 0 | V30: =SUMIFS('Expense tracking'!E:E,'Expense tracking'!A:A,">="&Months!A21,'Expense tracking'!A:A,"<="&Months!A22,'Expense tracking'!B:B, "car") -> 0 | W30: 0 | X30: =SUMIFS('Expense tracking'!E:E,'Expense tracking'!A:A,">="&Months!A23,'Expense tracking'!A:A,"<="&Months!A24,'Expense tracking'!B:B, "car") -> 0 | Y30: 0 | Z30: =SUMIFS('Expense tracking'!E:E,'Expense tracking'!A:A,">="&Months!A25,'Expense tracking'!A:A,"<="&Months!A26,'Expense tracking'!B:B, "car") -> 0 | AA30: 0 | AB30: =SUM(Z30+X30+V30+T30+R30+P30+N30+L30+J30+H30+F30+D30) -> 0
A31: Chemicals | B31: =Chemicals!D9 -> 0 | C31: 0 | D31: =SUMIFS('Expense tracking'!E:E,'Expense tracking'!A:A,">="&Months!A3,'Expense tracking'!A:A,"<="&Months!A4,'Expense tracking'!B:B, "chemicals") -> 0 | E31: 0 | F31: =SUMIFS('Expense tracking'!E:E,'Expense tracking'!A:A,">="&Months!A5,'Expense tracking'!A:A,"<="&Months!A6,'Expense tracking'!B:B, "chemicals") -> 0 | G31: 0 | H31: =SUMIFS('Expense tracking'!E:E,'Expense tracking'!A:A,">="&Months!A7,'Expense tracking'!A:A,"<="&Months!A8,'Expense tracking'!B:B, "chemicals") -> 0 | I31: 0 | J31: =SUMIFS('Expense tracking'!E:E,'Expense tracking'!A:A,">="&Months!A9,'Expense tracking'!A:A,"<="&Months!A10,'Expense tracking'!B:B, "chemicals") -> 0 | K31: 0 | L31: =SUMIFS('Expense tracking'!E:E,'Expense tracking'!A:A,">="&Months!A11,'Expense tracking'!A:A,"<="&Months!A12,'Expense tracking'!B:B, "chemicals") -> 0 | M31: 0 | N31: =SUMIFS('Expense tracking'!E:E,'Expense tracking'!A:A,">="&Months!A13,'Expense tracking'!A:A,"<="&Months!A14,'Expense tracking'!B:B, "chemicals") -> 0 | O31: 0 | P31: =SUMIFS('Expense tracking'!E:E,'Expense tracking'!A:A,">="&Months!A15,'Expense tracking'!A:A,"<="&Months!A16,'Expense tracking'!B:B, "chemicals") -> 0 | Q31: 0 | R31: =SUMIFS('Expense tracking'!E:E,'Expense tracking'!A:A,">="&Months!A17,'Expense tracking'!A:A,"<="&Months!A18,'Expense tracking'!B:B, "chemicals") -> 0 | S31: 0 | T31: =SUMIFS('Expense tracking'!E:E,'Expense tracking'!A:A,">="&Months!A19,'Expense tracking'!A:A,"<="&Months!A20,'Expense tracking'!B:B, "chemicals") -> 0 | U31: 0 | V31: =SUMIFS('Expense tracking'!E:E,'Expense tracking'!A:A,">="&Months!A21,'Expense tracking'!A:A,"<="&Months!A22,'Expense tracking'!B:B, "chemicals") -> 0 | W31: 0 | X31: =SUMIFS('Expense tracking'!E:E,'Expense tracking'!A:A,">="&Months!A23,'Expense tracking'!A:A,"<="&Months!A24,'Expense tracking'!B:B, "chemicals") -> 0 | Y31: 0 | Z31: =SUMIFS('Expense tracking'!E:E,'Expense tracking'!A:A,">="&Months!A25,'Expense tracking'!A:A,"<="&Months!A26,'Expense tracking'!B:B, "chemicals") -> 0 | AA31: 0 | AB31: =SUM(Z31+X31+V31+T31+R31+P31+N31+L31+J31+H31+F31+D31) -> 0
A32: Custom hire | B32: ='Custom hire'!D7 -> 0 | C32: 0 | D32: =SUMIFS('Expense tracking'!E:E,'Expense tracking'!A:A,">="&Months!A3,'Expense tracking'!A:A,"<="&Months!A4,'Expense tracking'!B:B, "custom") -> 0 | E32: 0 | F32: =SUMIFS('Expense tracking'!E:E,'Expense tracking'!A:A,">="&Months!A5,'Expense tracking'!A:A,"<="&Months!A6,'Expense tracking'!B:B, "custom") -> 0 | G32: 0 | H32: =SUMIFS('Expense tracking'!E:E,'Expense tracking'!A:A,">="&Months!A7,'Expense tracking'!A:A,"<="&Months!A8,'Expense tracking'!B:B, "custom") -> 0 | I32: 0 | J32: =SUMIFS('Expense tracking'!E:E,'Expense tracking'!A:A,">="&Months!A9,'Expense tracking'!A:A,"<="&Months!A10,'Expense tracking'!B:B, "custom") -> 0 | K32: 0 | L32: =SUMIFS('Expense tracking'!E:E,'Expense tracking'!A:A,">="&Months!A11,'Expense tracking'!A:A,"<="&Months!A12,'Expense tracking'!B:B, "custom") -> 0 | M32: 0 | N32: =SUMIFS('Expense tracking'!E:E,'Expense tracking'!A:A,">="&Months!A13,'Expense tracking'!A:A,"<="&Months!A14,'Expense tracking'!B:B, "custom") -> 0 | O32: 0 | P32: =SUMIFS('Expense tracking'!E:E,'Expense tracking'!A:A,">="&Months!A15,'Expense tracking'!A:A,"<="&Months!A16,'Expense tracking'!B:B, "custom") -> 0 | Q32: 0 | R32: =SUMIFS('Expense tracking'!E:E,'Expense tracking'!A:A,">="&Months!A17,'Expense tracking'!A:A,"<="&Months!A18,'Expense tracking'!B:B, "custom") -> 0 | S32: 0 | T32: =SUMIFS('Expense tracking'!E:E,'Expense tracking'!A:A,">="&Months!A19,'Expense tracking'!A:A,"<="&Months!A20,'Expense tracking'!B:B, "custom") -> 0 | U32: 0 | V32: =SUMIFS('Expense tracking'!E:E,'Expense tracking'!A:A,">="&Months!A21,'Expense tracking'!A:A,"<="&Months!A22,'Expense tracking'!B:B, "custom") -> 0 | W32: 0 | X32: =SUMIFS('Expense tracking'!E:E,'Expense tracking'!A:A,">="&Months!A23,'Expense tracking'!A:A,"<="&Months!A24,'Expense tracking'!B:B, "custom") -> 0 | Y32: 0 | Z32: =SUMIFS('Expense tracking'!E:E,'Expense tracking'!A:A,">="&Months!A25,'Expense tracking'!A:A,"<="&Months!A26,'Expense tracking'!B:B, "custom") -> 0 | AA32: 0 | AB32: =SUM(Z32+X32+V32+T32+R32+P32+N32+L32+J32+H32+F32+D32) -> 0
A33: Fertilizers and lime | B33: ='Fertilizers and lime'!D16 -> 0 | C33: 0 | D33: =SUMIFS('Expense tracking'!E:E,'Expense tracking'!A:A,">="&Months!A3,'Expense tracking'!A:A,"<="&Months!A4,'Expense tracking'!B:B, "fertilizers") -> 0 | E33: 0 | F33: =SUMIFS('Expense tracking'!E:E,'Expense tracking'!A:A,">="&Months!A5,'Expense tracking'!A:A,"<="&Months!A6,'Expense tracking'!B:B, "fertilizers") -> 0 | G33: 0 | H33: =SUMIFS('Expense tracking'!E:E,'Expense tracking'!A:A,">="&Months!A7,'Expense tracking'!A:A,"<="&Months!A8,'Expense tracking'!B:B, "fertilizers") -> 0 | I33: 0 | J33: =SUMIFS('Expense tracking'!E:E,'Expense tracking'!A:A,">="&Months!A9,'Expense tracking'!A:A,"<="&Months!A10,'Expense tracking'!B:B, "fertilizers") -> 0 | K33: 0 | L33: =SUMIFS('Expense tracking'!E:E,'Expense tracking'!A:A,">="&Months!A11,'Expense tracking'!A:A,"<="&Months!A12,'Expense tracking'!B:B, "fertilizers") -> 0 | M33: 0 | N33: =SUMIFS('Expense tracking'!E:E,'Expense tracking'!A:A,">="&Months!A13,'Expense tracking'!A:A,"<="&Months!A14,'Expense tracking'!B:B, "fertilizers") -> 0 | O33: 0 | P33: =SUMIFS('Expense tracking'!E:E,'Expense tracking'!A:A,">="&Months!A15,'Expense tracking'!A:A,"<="&Months!A16,'Expense tracking'!B:B, "fertilizers") -> 0 | Q33: 0 | R33: =SUMIFS('Expense tracking'!E:E,'Expense tracking'!A:A,">="&Months!A17,'Expense tracking'!A:A,"<="&Months!A18,'Expense tracking'!B:B, "fertilizers") -> 0 | S33: 0 | T33: =SUMIFS('Expense tracking'!E:E,'Expense tracking'!A:A,">="&Months!A19,'Expense tracking'!A:A,"<="&Months!A20,'Expense tracking'!B:B, "fertilizers") -> 0 | U33: 0 | V33: =SUMIFS('Expense tracking'!E:E,'Expense tracking'!A:A,">="&Months!A21,'Expense tracking'!A:A,"<="&Months!A22,'Expense tracking'!B:B, "fertilizers") -> 0 | W33: 0 | X33: =SUMIFS('Expense tracking'!E:E,'Expense tracking'!A:A,">="&Months!A23,'Expense tracking'!A:A,"<="&Months!A24,'Expense tracking'!B:B, "fertilizers") -> 0 | Y33: 0 | Z33: =SUMIFS('Expense tracking'!E:E,'Expense tracking'!A:A,">="&Months!A25,'Expense tracking'!A:A,"<="&Months!A26,'Expense tracking'!B:B, "fertilizers") -> 0 | AA33: 0 | AB33: =SUM(Z33+X33+V33+T33+R33+P33+N33+L33+J33+H33+F33+D33) -> 0
A34: Gasoline | B34: =Gasoline!D8 -> 0 | C34: 0 | D34: =SUMIFS('Expense tracking'!E:E,'Expense tracking'!A:A,">="&Months!A3,'Expense tracking'!A:A,"<="&Months!A4,'Expense tracking'!B:B, "gasoline") -> 0 | E34: 0 | F34: =SUMIFS('Expense tracking'!E:E,'Expense tracking'!A:A,">="&Months!A5,'Expense tracking'!A:A,"<="&Months!A6,'Expense tracking'!B:B, "gasoline") -> 0 | G34: 0 | H34: =SUMIFS('Expense tracking'!E:E,'Expense tracking'!A:A,">="&Months!A7,'Expense tracking'!A:A,"<="&Months!A8,'Expense tracking'!B:B, "gasoline") -> 0 | I34: 0 | J34: =SUMIFS('Expense tracking'!E:E,'Expense tracking'!A:A,">="&Months!A9,'Expense tracking'!A:A,"<="&Months!A10,'Expense tracking'!B:B, "gasoline") -> 0 | K34: 0 | L34: =SUMIFS('Expense tracking'!E:E,'Expense tracking'!A:A,">="&Months!A11,'Expense tracking'!A:A,"<="&Months!A12,'Expense tracking'!B:B, "gasoline") -> 0 | M34: 0 | N34: =SUMIFS('Expense tracking'!E:E,'Expense tracking'!A:A,">="&Months!A13,'Expense tracking'!A:A,"<="&Months!A14,'Expense tracking'!B:B, "gasoline") -> 0 | O34: 0 | P34: =SUMIFS('Expense tracking'!E:E,'Expense tracking'!A:A,">="&Months!A15,'Expense tracking'!A:A,"<="&Months!A16,'Expense tracking'!B:B, "gasoline") -> 0 | Q34: 0 | R34: =SUMIFS('Expense tracking'!E:E,'Expense tracking'!A:A,">="&Months!A17,'Expense tracking'!A:A,"<="&Months!A18,'Expense tracking'!B:B, "gasoline") -> 0 | S34: 0 | T34: =SUMIFS('Expense tracking'!E:E,'Expense tracking'!A:A,">="&Months!A19,'Expense tracking'!A:A,"<="&Months!A20,'Expense tracking'!B:B, "gasoline") -> 0 | U34: 0 | V34: =SUMIFS('Expense tracking'!E:E,'Expense tracking'!A:A,">="&Months!A21,'Expense tracking'!A:A,"<="&Months!A22,'Expense tracking'!B:B, "gasoline") -> 0 | W34: 0 | X34: =SUMIFS('Expense tracking'!E:E,'Expense tracking'!A:A,">="&Months!A23,'Expense tracking'!A:A,"<="&Months!A24,'Expense tracking'!B:B, "gasoline") -> 0 | Y34: 0 | Z34: =SUMIFS('Expense tracking'!E:E,'Expense tracking'!A:A,">="&Months!A25,'Expense tracking'!A:A,"<="&Months!A26,'Expense tracking'!B:B, "gasoline") -> 0 | AA34: 0 | AB34: =SUM(Z34+X34+V34+T34+R34+P34+N34+L34+J34+H34+F34+D34) -> 0
A35: Insurance | B35: =Insurance!D6 -> 0 | C35: 0 | D35: =SUMIFS('Expense tracking'!E:E,'Expense tracking'!A:A,">="&Months!A3,'Expense tracking'!A:A,"<="&Months!A4,'Expense tracking'!B:B, "insurance") -> 0 | E35: 0 | F35: =SUMIFS('Expense tracking'!E:E,'Expense tracking'!A:A,">="&Months!A5,'Expense tracking'!A:A,"<="&Months!A6,'Expense tracking'!B:B, "insurance") -> 0 | G35: 0 | H35: =SUMIFS('Expense tracking'!E:E,'Expense tracking'!A:A,">="&Months!A7,'Expense tracking'!A:A,"<="&Months!A8,'Expense tracking'!B:B, "insurance") -> 0 | I35: 0 | J35: =SUMIFS('Expense tracking'!E:E,'Expense tracking'!A:A,">="&Months!A9,'Expense tracking'!A:A,"<="&Months!A10,'Expense tracking'!B:B, "insurance") -> 0 | K35: 0 | L35: =SUMIFS('Expense tracking'!E:E,'Expense tracking'!A:A,">="&Months!A11,'Expense tracking'!A:A,"<="&Months!A12,'Expense tracking'!B:B, "insurance") -> 0 | M35: 0 | N35: =SUMIFS('Expense tracking'!E:E,'Expense tracking'!A:A,">="&Months!A13,'Expense tracking'!A:A,"<="&Months!A14,'Expense tracking'!B:B, "insurance") -> 0 | O35: 0 | P35: =SUMIFS('Expense tracking'!E:E,'Expense tracking'!A:A,">="&Months!A15,'Expense tracking'!A:A,"<="&Months!A16,'Expense tracking'!B:B, "insurance") -> 0 | Q35: 0 | R35: =SUMIFS('Expense tracking'!E:E,'Expense tracking'!A:A,">="&Months!A17,'Expense tracking'!A:A,"<="&Months!A18,'Expense tracking'!B:B, "insurance") -> 0 | S35: 0 | T35: =SUMIFS('Expense tracking'!E:E,'Expense tracking'!A:A,">="&Months!A19,'Expense tracking'!A:A,"<="&Months!A20,'Expense tracking'!B:B, "insurance") -> 0 | U35: 0 | V35: =SUMIFS('Expense tracking'!E:E,'Expense tracking'!A:A,">="&Months!A21,'Expense tracking'!A:A,"<="&Months!A22,'Expense tracking'!B:B, "insurance") -> 0 | W35: 0 | X35: =SUMIFS('Expense tracking'!E:E,'Expense tracking'!A:A,">="&Months!A23,'Expense tracking'!A:A,"<="&Months!A24,'Expense tracking'!B:B, "insurance") -> 0 | Y35: 0 | Z35: =SUMIFS('Expense tracking'!E:E,'Expense tracking'!A:A,">="&Months!A25,'Expense tracking'!A:A,"<="&Months!A26,'Expense tracking'!B:B, "insurance") -> 0 | AA35: 0 | AB35: =SUM(Z35+X35+V35+T35+R35+P35+N35+L35+J35+H35+F35+D35) -> 0
A36: Labor hired | B36: =Labor!D6 -> 0 | C36: 0 | D36: =SUMIFS('Expense tracking'!E:E,'Expense tracking'!A:A,">="&Months!A3,'Expense tracking'!A:A,"<="&Months!A4,'Expense tracking'!B:B, "labor") -> 0 | E36: 0 | F36: =SUMIFS('Expense tracking'!E:E,'Expense tracking'!A:A,">="&Months!A5,'Expense tracking'!A:A,"<="&Months!A6,'Expense tracking'!B:B, "labor") -> 0 | G36: 0 | H36: =SUMIFS('Expense tracking'!E:E,'Expense tracking'!A:A,">="&Months!A7,'Expense tracking'!A:A,"<="&Months!A8,'Expense tracking'!B:B, "labor") -> 0 | I36: 0 | J36: =SUMIFS('Expense tracking'!E:E,'Expense tracking'!A:A,">="&Months!A9,'Expense tracking'!A:A,"<="&Months!A10,'Expense tracking'!B:B, "labor") -> 0 | K36: 0 | L36: =SUMIFS('Expense tracking'!E:E,'Expense tracking'!A:A,">="&Months!A11,'Expense tracking'!A:A,"<="&Months!A12,'Expense tracking'!B:B, "labor") -> 0 | M36: 0 | N36: =SUMIFS('Expense tracking'!E:E,'Expense tracking'!A:A,">="&Months!A13,'Expense tracking'!A:A,"<="&Months!A14,'Expense tracking'!B:B, "labor") -> 0 | O36: 0 | P36: =SUMIFS('Expense tracking'!E:E,'Expense tracking'!A:A,">="&Months!A15,'Expense tracking'!A:A,"<="&Months!A16,'Expense tracking'!B:B, "labor") -> 0 | Q36: 0 | R36: =SUMIFS('Expense tracking'!E:E,'Expense tracking'!A:A,">="&Months!A17,'Expense tracking'!A:A,"<="&Months!A18,'Expense tracking'!B:B, "labor") -> 0 | S36: 0 | T36: =SUMIFS('Expense tracking'!E:E,'Expense tracking'!A:A,">="&Months!A19,'Expense tracking'!A:A,"<="&Months!A20,'Expense tracking'!B:B, "labor") -> 0 | U36: 0 | V36: =SUMIFS('Expense tracking'!E:E,'Expense tracking'!A:A,">="&Months!A21,'Expense tracking'!A:A,"<="&Months!A22,'Expense tracking'!B:B, "labor") -> 0 | W36: 0 | X36: =SUMIFS('Expense tracking'!E:E,'Expense tracking'!A:A,">="&Months!A23,'Expense tracking'!A:A,"<="&Months!A24,'Expense tracking'!B:B, "labor") -> 0 | Y36: 0 | Z36: =SUMIFS('Expense tracking'!E:E,'Expense tracking'!A:A,">="&Months!A25,'Expense tracking'!A:A,"<="&Months!A26,'Expense tracking'!B:B, "labor") -> 0 | AA36: 0 | AB36: =SUM(Z36+X36+V36+T36+R36+P36+N36+L36+J36+H36+F36+D36) -> 0
A37: Rent or lease | B37: ='Rent or lease'!D7 -> 0 | C37: 0 | D37: =SUMIFS('Expense tracking'!E:E,'Expense tracking'!A:A,">="&Months!A3,'Expense tracking'!A:A,"<="&Months!A4,'Expense tracking'!B:B, "rent") -> 0 | E37: 0 | F37: =SUMIFS('Expense tracking'!E:E,'Expense tracking'!A:A,">="&Months!A5,'Expense tracking'!A:A,"<="&Months!A6,'Expense tracking'!B:B, "rent") -> 0 | G37: 0 | H37: =SUMIFS('Expense tracking'!E:E,'Expense tracking'!A:A,">="&Months!A7,'Expense tracking'!A:A,"<="&Months!A8,'Expense tracking'!B:B, "rent") -> 0 | I37: 0 | J37: =SUMIFS('Expense tracking'!E:E,'Expense tracking'!A:A,">="&Months!A9,'Expense tracking'!A:A,"<="&Months!A10,'Expense tracking'!B:B, "rent") -> 0 | K37: 0 | L37: =SUMIFS('Expense tracking'!E:E,'Expense tracking'!A:A,">="&Months!A11,'Expense tracking'!A:A,"<="&Months!A12,'Expense tracking'!B:B, "rent") -> 0 | M37: 0 | N37: =SUMIFS('Expense tracking'!E:E,'Expense tracking'!A:A,">="&Months!A13,'Expense tracking'!A:A,"<="&Months!A14,'Expense tracking'!B:B, "rent") -> 0 | O37: 0 | P37: =SUMIFS('Expense tracking'!E:E,'Expense tracking'!A:A,">="&Months!A15,'Expense tracking'!A:A,"<="&Months!A16,'Expense tracking'!B:B, "rent") -> 0 | Q37: 0 | R37: =SUMIFS('Expense tracking'!E:E,'Expense tracking'!A:A,">="&Months!A17,'Expense tracking'!A:A,"<="&Months!A18,'Expense tracking'!B:B, "rent") -> 0 | S37: 0 | T37: =SUMIFS('Expense tracking'!E:E,'Expense tracking'!A:A,">="&Months!A19,'Expense tracking'!A:A,"<="&Months!A20,'Expense tracking'!B:B, "rent") -> 0 | U37: 0 | V37: =SUMIFS('Expense tracking'!E:E,'Expense tracking'!A:A,">="&Months!A21,'Expense tracking'!A:A,"<="&Months!A22,'Expense tracking'!B:B, "rent") -> 0 | W37: 0 | X37: =SUMIFS('Expense tracking'!E:E,'Expense tracking'!A:A,">="&Months!A23,'Expense tracking'!A:A,"<="&Months!A24,'Expense tracking'!B:B, "rent") -> 0 | Y37: 0 | Z37: =SUMIFS('Expense tracking'!E:E,'Expense tracking'!A:A,">="&Months!A25,'Expense tracking'!A:A,"<="&Months!A26,'Expense tracking'!B:B, "rent") -> 0 | AA37: 0 | AB37: =SUM(Z37+X37+V37+T37+R37+P37+N37+L37+J37+H37+F37+D37) -> 0
A38: Repairs and maintenance | B38: ='Repairs and maintenance'!D8 -> 0 | C38: 0 | D38: =SUMIFS('Expense tracking'!E:E,'Expense tracking'!A:A,">="&Months!A3,'Expense tracking'!A:A,"<="&Months!A4,'Expense tracking'!B:B, "repairs") -> 0 | E38: 0 | F38: =SUMIFS('Expense tracking'!E:E,'Expense tracking'!A:A,">="&Months!A5,'Expense tracking'!A:A,"<="&Months!A6,'Expense tracking'!B:B, "repairs") -> 0 | G38: 0 | H38: =SUMIFS('Expense tracking'!E:E,'Expense tracking'!A:A,">="&Months!A7,'Expense tracking'!A:A,"<="&Months!A8,'Expense tracking'!B:B, "repairs") -> 0 | I38: 0 | J38: =SUMIFS('Expense tracking'!E:E,'Expense tracking'!A:A,">="&Months!A9,'Expense tracking'!A:A,"<="&Months!A10,'Expense tracking'!B:B, "repairs") -> 0 | K38: 0 | L38: =SUMIFS('Expense tracking'!E:E,'Expense tracking'!A:A,">="&Months!A11,'Expense tracking'!A:A,"<="&Months!A12,'Expense tracking'!B:B, "repairs") -> 0 | M38: 0 | N38: =SUMIFS('Expense tracking'!E:E,'Expense tracking'!A:A,">="&Months!A13,'Expense tracking'!A:A,"<="&Months!A14,'Expense tracking'!B:B, "repairs") -> 0 | O38: 0 | P38: =SUMIFS('Expense tracking'!E:E,'Expense tracking'!A:A,">="&Months!A15,'Expense tracking'!A:A,"<="&Months!A16,'Expense tracking'!B:B, "repairs") -> 0 | Q38: 0 | R38: =SUMIFS('Expense tracking'!E:E,'Expense tracking'!A:A,">="&Months!A17,'Expense tracking'!A:A,"<="&Months!A18,'Expense tracking'!B:B, "repairs") -> 0 | S38: 0 | T38: =SUMIFS('Expense tracking'!E:E,'Expense tracking'!A:A,">="&Months!A19,'Expense tracking'!A:A,"<="&Months!A20,'Expense tracking'!B:B, "repairs") -> 0 | U38: 0 | V38: =SUMIFS('Expense tracking'!E:E,'Expense tracking'!A:A,">="&Months!A21,'Expense tracking'!A:A,"<="&Months!A22,'Expense tracking'!B:B, "repairs") -> 0 | W38: 0 | X38: =SUMIFS('Expense tracking'!E:E,'Expense tracking'!A:A,">="&Months!A23,'Expense tracking'!A:A,"<="&Months!A24,'Expense tracking'!B:B, "repairs") -> 0 | Y38: 0 | Z38: =SUMIFS('Expense tracking'!E:E,'Expense tracking'!A:A,">="&Months!A25,'Expense tracking'!A:A,"<="&Months!A26,'Expense tracking'!B:B, "repairs") -> 0 | AA38: 0 | AB38: =SUM(Z38+X38+V38+T38+R38+P38+N38+L38+J38+H38+F38+D38) -> 0
A39: Seeds and plants | B39: ='Seeds and plants'!D6 -> 0 | C39: 0 | D39: =SUMIFS('Expense tracking'!E:E,'Expense tracking'!A:A,">="&Months!A3,'Expense tracking'!A:A,"<="&Months!A4,'Expense tracking'!B:B, "seeds") -> 0 | E39: 0 | F39: =SUMIFS('Expense tracking'!E:E,'Expense tracking'!A:A,">="&Months!A5,'Expense tracking'!A:A,"<="&Months!A6,'Expense tracking'!B:B, "seeds") -> 0 | G39: 0 | H39: =SUMIFS('Expense tracking'!E:E,'Expense tracking'!A:A,">="&Months!A7,'Expense tracking'!A:A,"<="&Months!A8,'Expense tracking'!B:B, "seeds") -> 0 | I39: 0 | J39: =SUMIFS('Expense tracking'!E:E,'Expense tracking'!A:A,">="&Months!A9,'Expense tracking'!A:A,"<="&Months!A10,'Expense tracking'!B:B, "seeds") -> 0 | K39: 0 | L39: =SUMIFS('Expense tracking'!E:E,'Expense tracking'!A:A,">="&Months!A11,'Expense tracking'!A:A,"<="&Months!A12,'Expense tracking'!B:B, "seeds") -> 0 | M39: 0 | N39: =SUMIFS('Expense tracking'!E:E,'Expense tracking'!A:A,">="&Months!A13,'Expense tracking'!A:A,"<="&Months!A14,'Expense tracking'!B:B, "seeds") -> 0 | O39: 0 | P39: =SUMIFS('Expense tracking'!E:E,'Expense tracking'!A:A,">="&Months!A15,'Expense tracking'!A:A,"<="&Months!A16,'Expense tracking'!B:B, "seeds") -> 0 | Q39: 0 | R39: =SUMIFS('Expense tracking'!E:E,'Expense tracking'!A:A,">="&Months!A17,'Expense tracking'!A:A,"<="&Months!A18,'Expense tracking'!B:B, "seeds") -> 0 | S39: 0 | T39: =SUMIFS('Expense tracking'!E:E,'Expense tracking'!A:A,">="&Months!A19,'Expense tracking'!A:A,"<="&Months!A20,'Expense tracking'!B:B, "seeds") -> 0 | U39: 0 | V39: =SUMIFS('Expense tracking'!E:E,'Expense tracking'!A:A,">="&Months!A21,'Expense tracking'!A:A,"<="&Months!A22,'Expense tracking'!B:B, "seeds") -> 0 | W39: 0 | X39: =SUMIFS('Expense tracking'!E:E,'Expense tracking'!A:A,">="&Months!A23,'Expense tracking'!A:A,"<="&Months!A24,'Expense tracking'!B:B, "seeds") -> 0 | Y39: 0 | Z39: =SUMIFS('Expense tracking'!E:E,'Expense tracking'!A:A,">="&Months!A25,'Expense tracking'!A:A,"<="&Months!A26,'Expense tracking'!B:B, "seeds") -> 0 | AA39: 0 | AB39: =SUM(Z39+X39+V39+T39+R39+P39+N39+L39+J39+H39+F39+D39) -> 0
A40: Supplies | B40: =Supplies!D69 -> 0 | C40: 0 | D40: =SUMIFS('Expense tracking'!E:E,'Expense tracking'!A:A,">="&Months!A3,'Expense tracking'!A:A,"<="&Months!A4,'Expense tracking'!B:B, "supplies" ) -> 0 | E40: 0 | F40: =SUMIFS('Expense tracking'!E:E,'Expense tracking'!A:A,">="&Months!A5,'Expense tracking'!A:A,"<="&Months!A6,'Expense tracking'!B:B, "supplies" ) -> 0 | G40: 0 | H40: =SUMIFS('Expense tracking'!E:E,'Expense tracking'!A:A,">="&Months!A7,'Expense tracking'!A:A,"<="&Months!A8,'Expense tracking'!B:B, "supplies" ) -> 0 | I40: 0 | J40: =SUMIFS('Expense tracking'!E:E,'Expense tracking'!A:A,">="&Months!A9,'Expense tracking'!A:A,"<="&Months!A10,'Expense tracking'!B:B, "supplies" ) -> 0 | K40: 0 | L40: =SUMIFS('Expense tracking'!E:E,'Expense tracking'!A:A,">="&Months!A11,'Expense tracking'!A:A,"<="&Months!A12,'Expense tracking'!B:B, "supplies" ) -> 0 | M40: 0 | N40: =SUMIFS('Expense tracking'!E:E,'Expense tracking'!A:A,">="&Months!A13,'Expense tracking'!A:A,"<="&Months!A14,'Expense tracking'!B:B, "supplies" ) -> 0 | O40: 0 | P40: =SUMIFS('Expense tracking'!E:E,'Expense tracking'!A:A,">="&Months!A15,'Expense tracking'!A:A,"<="&Months!A16,'Expense tracking'!B:B, "supplies" ) -> 0 | Q40: 0 | R40: =SUMIFS('Expense tracking'!E:E,'Expense tracking'!A:A,">="&Months!A17,'Expense tracking'!A:A,"<="&Months!A18,'Expense tracking'!B:B, "supplies" ) -> 0 | S40: 0 | T40: =SUMIFS('Expense tracking'!E:E,'Expense tracking'!A:A,">="&Months!A19,'Expense tracking'!A:A,"<="&Months!A20,'Expense tracking'!B:B, "supplies" ) -> 0 | U40: 0 | V40: =SUMIFS('Expense tracking'!E:E,'Expense tracking'!A:A,">="&Months!A21,'Expense tracking'!A:A,"<="&Months!A22,'Expense tracking'!B:B, "supplies" ) -> 0 | W40: 0 | X40: =SUMIFS('Expense tracking'!E:E,'Expense tracking'!A:A,">="&Months!A23,'Expense tracking'!A:A,"<="&Months!A24,'Expense tracking'!B:B, "supplies" ) -> 0 | Y40: 0 | Z40: =SUMIFS('Expense tracking'!E:E,'Expense tracking'!A:A,">="&Months!A25,'Expense tracking'!A:A,"<="&Months!A26,'Expense tracking'!B:B, "supplies" ) -> 0 | AA40: 0 | AB40: =SUM(Z40+X40+V40+T40+R40+P40+N40+L40+J40+H40+F40+D40) -> 0
A41: Utilities | B41: =Utilities!D9 -> 0 | C41: 0 | D41: =SUMIFS('Expense tracking'!E:E,'Expense tracking'!A:A,">="&Months!A3,'Expense tracking'!A:A,"<="&Months!A4,'Expense tracking'!B:B, "utilities" ) -> 0 | E41: 0 | F41: =SUMIFS('Expense tracking'!E:E,'Expense tracking'!A:A,">="&Months!A5,'Expense tracking'!A:A,"<="&Months!A6,'Expense tracking'!B:B, "utilities" ) -> 0 | G41: 0 | H41: =SUMIFS('Expense tracking'!E:E,'Expense tracking'!A:A,">="&Months!A7,'Expense tracking'!A:A,"<="&Months!A8,'Expense tracking'!B:B, "utilities" ) -> 0 | I41: 0 | J41: =SUMIFS('Expense tracking'!E:E,'Expense tracking'!A:A,">="&Months!A9,'Expense tracking'!A:A,"<="&Months!A10,'Expense tracking'!B:B, "utilities" ) -> 0 | K41: 0 | L41: =SUMIFS('Expense tracking'!E:E,'Expense tracking'!A:A,">="&Months!A11,'Expense tracking'!A:A,"<="&Months!A12,'Expense tracking'!B:B, "utilities" ) -> 0 | M41: 0 | N41: =SUMIFS('Expense tracking'!E:E,'Expense tracking'!A:A,">="&Months!A13,'Expense tracking'!A:A,"<="&Months!A14,'Expense tracking'!B:B, "utilities" ) -> 0 | O41: 0 | P41: =SUMIFS('Expense tracking'!E:E,'Expense tracking'!A:A,">="&Months!A15,'Expense tracking'!A:A,"<="&Months!A16,'Expense tracking'!B:B, "utilities" ) -> 0 | Q41: 0 | R41: =SUMIFS('Expense tracking'!E:E,'Expense tracking'!A:A,">="&Months!A17,'Expense tracking'!A:A,"<="&Months!A18,'Expense tracking'!B:B, "utilities" ) -> 0 | S41: 0 | T41: =SUMIFS('Expense tracking'!E:E,'Expense tracking'!A:A,">="&Months!A19,'Expense tracking'!A:A,"<="&Months!A20,'Expense tracking'!B:B, "utilities" ) -> 0 | U41: 0 | V41: =SUMIFS('Expense tracking'!E:E,'Expense tracking'!A:A,">="&Months!A21,'Expense tracking'!A:A,"<="&Months!A22,'Expense tracking'!B:B, "utilities" ) -> 0 | W41: 0 | X41: =SUMIFS('Expense tracking'!E:E,'Expense tracking'!A:A,">="&Months!A23,'Expense tracking'!A:A,"<="&Months!A24,'Expense tracking'!B:B, "utilities" ) -> 0 | Y41: 0 | Z41: =SUMIFS('Expense tracking'!E:E,'Expense tracking'!A:A,">="&Months!A25,'Expense tracking'!A:A,"<="&Months!A26,'Expense tracking'!B:B, "utilities" ) -> 0 | AA41: 0 | AB41: =SUM(Z41+X41+V41+T41+R41+P41+N41+L41+J41+H41+F41+D41) -> 0
A42: Other expenses | B42: ='Other expenses'!D9 -> 0 | C42: 0 | D42: =SUMIFS('Expense tracking'!E:E,'Expense tracking'!A:A,">="&Months!A3,'Expense tracking'!A:A,"<="&Months!A4,'Expense tracking'!B:B, "Other" ) -> 0 | E42: 0 | F42: =SUMIFS('Expense tracking'!E:E,'Expense tracking'!A:A,">="&Months!A5,'Expense tracking'!A:A,"<="&Months!A6,'Expense tracking'!B:B, "Other" ) -> 0 | G42: 0 | H42: =SUMIFS('Expense tracking'!E:E,'Expense tracking'!A:A,">="&Months!A7,'Expense tracking'!A:A,"<="&Months!A8,'Expense tracking'!B:B, "Other" ) -> 0 | I42: 0 | J42: =SUMIFS('Expense tracking'!E:E,'Expense tracking'!A:A,">="&Months!A9,'Expense tracking'!A:A,"<="&Months!A10,'Expense tracking'!B:B, "Other" ) -> 0 | K42: 0 | L42: =SUMIFS('Expense tracking'!E:E,'Expense tracking'!A:A,">="&Months!A11,'Expense tracking'!A:A,"<="&Months!A12,'Expense tracking'!B:B, "Other" ) -> 0 | M42: 0 | N42: =SUMIFS('Expense tracking'!E:E,'Expense tracking'!A:A,">="&Months!A13,'Expense tracking'!A:A,"<="&Months!A14,'Expense tracking'!B:B, "Other" ) -> 0 | O42: 0 | P42: =SUMIFS('Expense tracking'!E:E,'Expense tracking'!A:A,">="&Months!A15,'Expense tracking'!A:A,"<="&Months!A16,'Expense tracking'!B:B, "Other" ) -> 0 | Q42: 0 | R42: =SUMIFS('Expense tracking'!E:E,'Expense tracking'!A:A,">="&Months!A17,'Expense tracking'!A:A,"<="&Months!A18,'Expense tracking'!B:B, "Other" ) -> 0 | S42: 0 | T42: =SUMIFS('Expense tracking'!E:E,'Expense tracking'!A:A,">="&Months!A19,'Expense tracking'!A:A,"<="&Months!A20,'Expense tracking'!B:B, "Other" ) -> 0 | U42: 0 | V42: =SUMIFS('Expense tracking'!E:E,'Expense tracking'!A:A,">="&Months!A21,'Expense tracking'!A:A,"<="&Months!A22,'Expense tracking'!B:B, "Other" ) -> 0 | W42: 0 | X42: =SUMIFS('Expense tracking'!E:E,'Expense tracking'!A:A,">="&Months!A23,'Expense tracking'!A:A,"<="&Months!A24,'Expense tracking'!B:B, "Other" ) -> 0 | Y42: 0 | Z42: =SUMIFS('Expense tracking'!E:E,'Expense tracking'!A:A,">="&Months!A25,'Expense tracking'!A:A,"<="&Months!A26,'Expense tracking'!B:B, "Other" ) -> 0 | AA42: 0 | AB42: =SUM(Z42+X42+V42+T42+R42+P42+N42+L42+J42+H42+F42+D42) -> 0

Sheet Projected income
A1: Revenue source | B1: Projected income | C1: YTD
A2: Clintonville FM (CFM) | B2: enter your number here | C2: =SUMIF('Income tracking'!B:B,"CFM",'Income tracking'!C:C) -> 0
A3: Linden FM (LFM) | B3: enter your number here | C3: =SUMIF('Income tracking'!B:B,"LFM",'Income tracking'!C:C) -> 0
A4: CSA | B4: enter your number here | C4: =SUMIF('Income tracking'!B:B,"CSA",'Income tracking'!C:C) -> 0
A5: Wholesale | B5: enter your number here | C5: =SUMIF('Income tracking'!B:B,"Wholesale",'Income tracking'!C:C) -> 0
A6: Subtotal | B6: =SUM(B2:B5) -> 0 | C6: =SUM(C2:C4) -> 0

Sheet Income tracking
A1: Date | B1: Market type (CFM, LFM, CSA, restaurants) | C1: Total sale | D1: Additional notes

Sheet Expense tracking
A1: Date | B1: Expense category | C1: Item | D1: Notes | E1: Cost | F1: Purchaser (only if personal expense) | G1: Location | H1: Receipt

Sheet Schedule F
A1: Expense category (Schedule F) | B1: Projected expenses | C1: YTD actual expenses
A2: Car | B2: ='Car and truck'!D13 -> 0 | C2: =SUMIF('Expense tracking'!B:B,"Car",'Expense tracking'!E1:E473) -> 0
A3: Chemicals | B3: =Chemicals!D9 -> 0 | C3: =SUMIF('Expense tracking'!B:B,"Chemicals",'Expense tracking'!E1:E473) -> 0
A4: Conservation | B4: ='Conservation expenses'!D4 -> 0 | C4: =SUMIF('Expense tracking'!B:B,"Conservation expenses",'Expense tracking'!E:E) -> 0
A5: Custom | B5: ='Custom hire'!D7 -> 0 | C5: =SUMIF('Expense tracking'!B:B,"Custom",'Expense tracking'!E:E) -> 0
A6: Depreciation | B6: =Depreciation!D10 -> 0 | C6: =SUMIF('Expense tracking'!B:B,"Depreciation",'Expense tracking'!E:E) -> 0
A7: Employee | B7: ='Employee benefit programs'!D4 -> 0 | C7: =SUMIF('Expense tracking'!B:B,"Employee",'Expense tracking'!E:E) -> 0
A8: Feed | B8: =Feed!D4 -> 0 | C8: =SUMIF('Expense tracking'!B:B,"Feed",'Expense tracking'!E:E) -> 0
A9: Fertilizers | B9: ='Fertilizers and lime'!D16 -> 0 | C9: =SUMIF('Expense tracking'!B:B,"Fertilizers",'Expense tracking'!E:E) -> 0
A10: Freight | B10: ='Freight and trucking'!D4 -> 0 | C10: =SUMIF('Expense tracking'!B:B,"Freight",'Expense tracking'!E:E) -> 0
A11: Gasoline | B11: =Gasoline!D8 -> 0 | C11: =SUMIF('Expense tracking'!B:B,"Gasoline",'Expense tracking'!E:E) -> 0
A12: Insurance | B12: =Insurance!D6 -> 0 | C12: =SUMIF('Expense tracking'!B:B,"Insurance",'Expense tracking'!E:E) -> 0
A13: Interest | B13: =Interest!D4 -> 0 | C13: =SUMIF('Expense tracking'!B:B,"Interest",'Expense tracking'!E:E) -> 0
A14: Labor | B14: =Labor!D6 -> 0 | C14: =SUMIF('Expense tracking'!B:B,"Labor",'Expense tracking'!E:E) -> 0
A15: Pension | B15: ='Pension and profit-sharing'!D5 -> 0 | C15: =SUMIF('Expense tracking'!B:B,"Pension",'Expense tracking'!E:E) -> 0
A16: Rent | B16: ='Rent or lease'!D7 -> 0 | C16: =SUMIF('Expense tracking'!B:B,"Rent",'Expense tracking'!E:E) -> 0
A17: Repairs | B17: ='Repairs and maintenance'!D8 -> 0 | C17: =SUMIF('Expense tracking'!B:B,"Repairs",'Expense tracking'!E:E) -> 0
A18: Seeds | B18: ='Seeds and plants'!D6 -> 0 | C18: =SUMIF('Expense tracking'!B:B,"Seeds",'Expense tracking'!E:E) -> 0
A19: Storage | B19: ='Storage and warehousing'!D3 -> 0 | C19: =SUMIF('Expense tracking'!B:B,"Storage",'Expense tracking'!E:E) -> 0
A20: Supplies | B20: =Supplies!D69 -> 0 | C20: =SUMIF('Expense tracking'!B:B,"Supplies",'Expense tracking'!E:E) -> 0
A21: Taxes | B21: =Taxes!D5 -> 0 | C21: =SUMIF('Expense tracking'!B:B,"Taxes",'Expense tracking'!E:E) -> 0
A22: Utilities | B22: =Utilities!D9 -> 0 | C22: =SUMIF('Expense tracking'!B:B,"Utilities",'Expense tracking'!E:E) -> 0
A23: Veterinary | B23: =Veterinary!D3 -> 0 | C23: =SUMIF('Expense tracking'!B:B,"Veterinary",'Expense tracking'!E:E) -> 0
A24: Other | B24: ='Other expenses'!D9 -> 0 | C24: =SUMIF('Expense tracking'!B:B,"Other",'Expense tracking'!E:E) -> 0
A25: Total | B25: =SUM(B2:B24) -> 0 | C25: =SUM(C2:C24) -> 0

Sheet Car and truck
A1: YTD amount spent
A2: ='Schedule F'!C2 -> 0
A3: Item | B3: Price | C3: Quantity | D3: Projected cost | E3: YTD farm cost | F3: For What | G3: Location Purchase
A4: Mileage | B4: 0 | C4: 0 | D4: =C4*B4 -> 0 | E4: =F43 -> 0
A5: Parking fees & tolls | B5: 0 | C5: 0 | D5: =C5*B5 -> 0 | E5: =SUMIF('Expense tracking'!C:C,"Parking fees & tolls",'Expense tracking'!E:E) -> 0
A6: Oil & oil changes | B6: 0 | C6: 0 | D6: =B6*C6 -> 0 | E6: =SUMIF('Expense tracking'!C:C,"Oil & oil changes",'Expense tracking'!E:E) -> 0
A7: Vehicle repair | B7: 0 | C7: 0 | D7: =B7*C7 -> 0 | E7: =SUMIF('Expense tracking'!C:C,"Vehicle repair",'Expense tracking'!E:E) -> 0
A8: Vehicle insurance | B8: 0 | C8: 0 | D8: =B8*C8 -> 0 | E8: =SUMIF('Expense tracking'!C:C,"Vehicle insurance",'Expense tracking'!E:E) -> 0
A9: Vehicle registration | B9: 0 | C9: 0 | D9: =B9*C9 -> 0 | E9: =SUMIF('Expense tracking'!C:C,"Vehicle registration",'Expense tracking'!E:E) -> 0
A10: Hitch | B10: 0 | C10: 0 | D10: =B10*C10 -> 0 | E10: =SUMIF('Expense tracking'!C:C,"Hitch",'Expense tracking'!E:E) -> 0
A11: Trailer | B11: 0 | C11: 0 | D11: =B11*C11 -> 0 | E11: =SUMIF('Expense tracking'!C:C,"Trailer",'Expense tracking'!E:E) -> 0
A12: Trailer registration | B12: 0 | C12: 0 | D12: =B12*C12 -> 0 | E12: =SUMIF('Expense tracking'!C:C,"Trailer registration",'Expense tracking'!E:E) -> 0
A13: Total | D13: =SUM(D4:D12) -> 0 | E13: =SUM(E4:E12) -> 0
A16: Monthly mileage records. Record the starting and ending odometer reading for each vehicle each month. To understand the expenses of separate drivers, enter the initial of the purchaser/driver next to each receipt in the chart below. Column A (month abbreviation) will update automatically based upon the date you enter in Column B. This record will update the exact gas cost each month for each driver.
A18: Month | B18: Driver | C18: Starting mileage (monthly) | D18: Ending mileage (monthly) | E18: Total mileage (monthly) | F18: at $.58/mi | G18: Exact expense (monthly receipt total)
A19: Jan | B19: driver 1 | E19: =D19-C19 -> 0 | F19: =E19*0.58 -> 0 | G19: =SUMIFS(C47:C202,D47:D202,"1", A47:A202,"Jan") -> 20
A20: Jan | B20: driver 2 | E20: =D20-C20 -> 0 | F20: =E20*0.58 -> 0 | G20: =SUMIFS(C47:C203,D47:D203,"2", A47:A203,"Jan") -> 0
A21: Feb | B21: driver 1 | E21: =D21-C21 -> 0 | F21: =E21*0.58 -> 0 | G21: =SUMIFS(C$47:C204,D$47:D204,"1", A$47:A204,"Feb") -> 0
A22: Feb | B22: driver 2 | E22: =D22-C22 -> 0 | F22: =E22*0.58 -> 0 | G22: =SUMIFS(C$47:C205,D$47:D205,"2", A$47:A205,"Feb") -> 0
A23: Mar | B23: driver 1 | E23: =D23-C23 -> 0 | F23: =E23*0.58 -> 0 | G23: =SUMIFS(C$47:C206,D$47:D206,"1", A$47:A206,"Mar") -> 0
A24: Mar | B24: driver 2 | E24: =D24-C24 -> 0 | F24: =E24*0.58 -> 0 | G24: =SUMIFS(C$47:C207,D$47:D207,"2", A$47:A207,"Mar") -> 0
A25: Apr | B25: driver 1 | E25: =D25-C25 -> 0 | F25: =E25*0.58 -> 0 | G25: =SUMIFS(C$47:C208,D$47:D208,"1", A$47:A208,"Apr") -> 0
A26: Apr | B26: driver 2 | E26: =D26-C26 -> 0 | F26: =E26*0.58 -> 0 | G26: =SUMIFS(C$47:C209,D$47:D209,"2", A$47:A209,"Apr") -> 0
A27: May | B27: driver 1 | E27: =D27-C27 -> 0 | F27: =E27*0.58 -> 0 | G27: =SUMIFS(C$47:C210,D$47:D210,"1", A$47:A210,"May") -> 0
A28: May | B28: driver 2 | E28: =D28-C28 -> 0 | F28: =E28*0.58 -> 0 | G28: =SUMIFS(C$47:C211,D$47:D211,"2", A$47:A211,"May") -> 0
A29: Jun | B29: driver 1 | E29: =D29-C29 -> 0 | F29: =E29*0.58 -> 0 | G29: =SUMIFS(C$47:C212,D$47:D212,"1", A$47:A212,"Jun") -> 0
A30: Jun | B30: driver 2 | E30: =D30-C30 -> 0 | F30: =E30*0.58 -> 0 | G30: =SUMIFS(C$47:C213,D$47:D213,"2", A$47:A213,"Jun") -> 0
A31: Jul | B31: driver 1 | E31: =D31-C31 -> 0 | F31: =E31*0.58 -> 0 | G31: =SUMIFS(C$47:C214,D$47:D214,"1", A$47:A214,"Jul") -> 0
A32: Jul | B32: driver 2 | E32: =D32-C32 -> 0 | F32: =E32*0.58 -> 0 | G32: =SUMIFS(C$47:C215,D$47:D215,"2", A$47:A215,"Jul") -> 0
A33: Aug | B33: driver 1 | E33: =D33-C33 -> 0 | F33: =E33*0.58 -> 0 | G33: =SUMIFS(C$47:C216,D$47:D216,"1", A$47:A216,"Aug") -> 0
A34: Aug | B34: driver 2 | E34: =D34-C34 -> 0 | F34: =E34*0.58 -> 0 | G34: =SUMIFS(C$47:C217,D$47:D217,"2", A$47:A217,"Aug") -> 0
A35: Sep | B35: driver 1 | E35: =D35-C35 -> 0 | F35: =E35*0.58 -> 0 | G35: =SUMIFS(C$47:C218,D$47:D218,"1", A$47:A218,"Sep") -> 0
A36: Sep | B36: driver 2 | E36: =D36-C36 -> 0 | F36: =E36*0.58 -> 0 | G36: =SUMIFS(C$47:C219,D$47:D219,"2", A$47:A219,"Sep") -> 0
A37: Oct | B37: driver 1 | E37: =D37-C37 -> 0 | F37: =E37*0.58 -> 0 | G37: =SUMIFS(C$47:C220,D$47:D220,"1", A$47:A220,"Oct") -> 0
A38: Oct | B38: driver 2 | E38: =D38-C38 -> 0 | F38: =E38*0.58 -> 0 | G38: =SUMIFS(C$47:C221,D$47:D221,"2", A$47:A221,"Oct") -> 0
A39: Nov | B39: driver 1 | E39: =D39-C39 -> 0 | F39: =E39*0.58 -> 0 | G39: =SUMIFS(C$47:C222,D$47:D222,"1", A$47:A222,"Nov") -> 0
A40: Nov | B40: driver 2 | E40: =D40-C40 -> 0 | F40: =E40*0.58 -> 0 | G40: =SUMIFS(C$47:C223,D$47:D223,"2", A$47:A223,"Nov") -> 0
A41: Dec | B41: driver 1 | E41: =D41-C41 -> 0 | F41: =E41*0.58 -> 0 | G41: =SUMIFS(C$47:C224,D$47:D224,"1", A$47:A224,"Dec") -> 0
A42: Dec | B42: driver 2 | E42: =D42-C42 -> 0 | F42: =E42*0.58 -> 0 | G42: =SUMIFS(C$47:C225,D$47:D225,"2", A$47:A225,"Dec") -> 0
E43: Subtotal | F43: =SUM(F19:F42) -> 0
A46: Date | B46: Receipt date | C46: Cost | D46: driver 1 or 2 (just enter 1 or 2)
A47: Jan | B47: 43831 | C47: 20 | D47: 1
A48: Feb
A49: Mar
A50: Apr
A51: May
A52: Jun
A53: Jul
A54: Aug
A55: Sep
A56: Oct
A57: Nov
A58: Dec
A59: Jan
... A190: Dec

Sheet Chemicals
A1: YTD amount spent
A2: ='Schedule F'!C3 -> 0
A3: Item | B3: Price | C3: Quantity | D3: Projected cost | E3: YTD farm cost | F3: YTD grant expenditure | G3: Description | H3: Location Purchase
A4: Sluggo | B4: 0 | C4: 0 | D4: =C4*B4 -> 0 | E4: =SUMIF('Expense tracking'!C:C,"Sluggo",'Expense tracking'!E:E) -> 0 | F4: =SUMIFS('Expense tracking'!E:E,'Expense tracking'!C:C,"Sluggo",'Expense tracking'!#REF!,"Y") -> #REF!
A5: Dr Bronners | B5: 0 | C5: 0 | D5: =C5*B5 -> 0 | E5: =SUMIF('Expense tracking'!C:C,"Dr Bronners",'Expense tracking'!E:E) -> 0 | F5: =SUMIFS('Expense tracking'!E:E,'Expense tracking'!C:C,"Dr Bronners",'Expense tracking'!#REF!,"Y") -> #REF!
A6: BT | B6: 0 | C6: 0 | D6: =C6*B6 -> 0 | E6: =SUMIF('Expense tracking'!C:C,"BT",'Expense tracking'!E:E) -> 0 | F6: =SUMIFS('Expense tracking'!E:E,'Expense tracking'!C:C,"BT",'Expense tracking'!#REF!,"Y") -> #REF!
A7: Diatomaceous earth | B7: 0 | C7: 0 | D7: =C7*B7 -> 0 | E7: =SUMIF('Expense tracking'!C:C,"Diatomaceous earth",'Expense tracking'!E:E) -> 0 | F7: =SUMIFS('Expense tracking'!E:E,'Expense tracking'!C:C,"Diatomaceous earth",'Expense tracking'!#REF!,"Y") -> #REF!
A8: Surround | B8: 0 | C8: 0 | D8: =C8*B8 -> 0 | E8: =SUMIF('Expense tracking'!C:C,"Surround",'Expense tracking'!E:E) -> 0 | F8: =SUMIFS('Expense tracking'!E:E,'Expense tracking'!C:C,"Surround",'Expense tracking'!#REF!,"Y") -> #REF!
A9: Total | D9: =SUM(D4:D8) -> 0 | E9: =SUM(E4:E8) -> 0 | F9: =SUM(F4:F8) -> #REF!

Sheet Custom hire
A1: YTD amount spent
A2: ='Schedule F'!C5 -> 0
A3: Item | B3: Price | C3: Quantity | D3: Projected cost | E3: YTD farm cost | F3: YTD grant expenditure | G3: For What | H3: Location Purchase
A4: Electrician | B4: 0 | C4: 0 | D4: 0 | E4: =SUMIF('Expense tracking'!C:C,"Electrician",'Expense tracking'!E:E) -> 0 | F4: =SUMIFS('Expense tracking'!E:E,'Expense tracking'!C:C,"electrician",'Expense tracking'!#REF!,"Y") -> #REF!
A5: CPA | B5: 0 | C5: 0 | D5: =C5*B5 -> 0 | E5: =SUMIF('Expense tracking'!C:C,"CPA",'Expense tracking'!E:E) -> 0 | F5: =SUMIFS('Expense tracking'!E:E,'Expense tracking'!C:C,"CPA",'Expense tracking'!#REF!,"Y") -> #REF!
A6: Plumber | B6: 0 | C6: 0 | D6: =C6*B6 -> 0 | F6: =SUMIFS('Expense tracking'!E:E,'Expense tracking'!C:C,"plumber",'Expense tracking'!#REF!,"Y") -> #REF! | G6: install water at New Salem
A7: Total | D7: =SUM(D4:D6) -> 0 | E7: =SUM(E4:E6) -> 0 | F7: =SUM(F4:F6) -> #REF!

Sheet Fertilizers and lime
A1: YTD amount spent
A2: ='Schedule F'!C9 -> 0
A3: Item | B3: Price | C3: Quantity | D3: Projected cost | E3: YTD farm cost | F3: For What | G3: Location Purchase
A4: Blood meal | B4: 0 | C4: 0 | D4: =C4*B4 -> 0 | E4: =SUMIF('Expense tracking'!C:C,"Blood meal",'Expense tracking'!E:E) -> 0
A5: Bone meal | B5: 0 | C5: 0 | D5: =C5*B5 -> 0 | E5: =SUMIF('Expense tracking'!C:C,"bone meal",'Expense tracking'!E:E) -> 0
A6: Boron | B6: 0 | C6: 0 | D6: =C6*B6 -> 0 | E6: =SUMIF('Expense tracking'!C:C,"Boron",'Expense tracking'!E:E) -> 0 | F6: azomite
A7: Compost | B7: 0 | C7: 0 | D7: =C7*B7 -> 0 | E7: =SUMIF('Expense tracking'!C:C,"Compost",'Expense tracking'!E:E) -> 0
A8: Epsom salt | B8: 0 | C8: 0 | D8: =C8*B8 -> 0 | E8: =SUMIF('Expense tracking'!C:C,"Epsom salt",'Expense tracking'!E:E) -> 0 | F8: trace mineral salt
A9: Fish fertilizer | B9: 0 | C9: 0 | D9: =C9*B9 -> 0 | E9: =SUMIF('Expense tracking'!C:C,"Fish fertilizer",'Expense tracking'!E:E) -> 0
A10: Gypsum | B10: 0 | C10: 0 | D10: =C10*B10 -> 0 | E10: =SUMIF('Expense tracking'!C:C,"Gypsum",'Expense tracking'!E:E) -> 0
A11: Peat | B11: 0 | C11: 0 | D11: =C11*B11 -> 0 | E11: =SUMIF('Expense tracking'!C:C,"Peat",'Expense tracking'!E:E) -> 0
A12: PH test kit | B12: 0 | C12: 0 | D12: =C12*B12 -> 0 | E12: =SUMIF('Expense tracking'!C:C,"PH test kit",'Expense tracking'!E:E) -> 0
A13: Phosphorous | B13: 0 | C13: 0 | D13: =C13*B13 -> 0 | E13: =SUMIF('Expense tracking'!C:C,"Phosphorous",'Expense tracking'!E:E) -> 0 | F13: rock phosphate
A14: Revitapro | B14: 0 | C14: 0 | D14: =C14*B14 -> 0 | E14: =SUMIF('Expense tracking'!C:C,"Revitapro",'Expense tracking'!E:E) -> 0
A15: Woodchips | B15: 0 | C15: 0 | D15: =C15*B15 -> 0 | E15: =SUMIF('Expense tracking'!C:C,"Woodchips",'Expense tracking'!E:E) -> 0 | F15: cu yards
A16: Total | D16: =SUM(D3:D14) -> 0 | E16: =SUM(E3:E14) -> 0

Sheet Gasoline
A1: YTD amount spent
A2: ='Schedule F'!C11 -> 0
A3: Item | B3: Price | C3: Quantity | D3: Projected cost | E3: YTD farm cost | F3: Description | G3: Location Purchase
A4: Equipment oil | B4: 0 | C4: 0 | D4: =C4*B4 -> 0 | E4: =SUMIF('Expense tracking'!C:C,"gas for equipment",'Expense tracking'!E:E) -> 0 | F4: 2-stroke engine oil
A5: Gas for equipment | B5: 0 | C5: 0 | D5: =C5*B5 -> 0 | E5: =SUMIF('Expense tracking'!C:C,"Equipment oil",'Expense tracking'!E:E) -> 0
A6: Propane | B6: 0 | C6: 0 | D6: =C6*B6 -> 0 | E6: =SUMIF('Expense tracking'!C:C,"Propane",'Expense tracking'!E:E) -> 0 | F6: for flame weeder and greenhouses
A7: Grease | B7: 0 | C7: 0 | D7: =C7*B7 -> 0 | E7: =SUMIF('Expense tracking'!C:C,"Grease",'Expense tracking'!E:E) -> 0
A8: Total | D8: =SUM(D4:D7) -> 0 | E8: =SUM(E4:E7) -> 0

Sheet Labor
A1: YTD amount spent
A2: ='Schedule F'!C14 -> 0 | G2: Weekly hours worked
A3: Item | B3: Price | C3: Quantity | D3: Projected cost | E3: YTD cost | G3: Week | I3: Tracey | J3: Marcie
A4: worker 1 | B4: 0 | C4: 0 | D4: =B4*C4 -> 0 | E4: =SUMIF('Expense tracking'!C:C,"Marcie",'Expense tracking'!E:E) -> 0 | G4: 43830 | H4: 43836
A5: worker 2 | B5: 0 | C5: 0 | D5: =C5*B5 -> 0 | E5: =SUMIF('Expense tracking'!C:C,"Tracey",'Expense tracking'!E:E) -> 0 | G5: 43837 | H5: 43843
A6: Total | D6: =SUM(D4:D5) -> 0 | E6: =SUM(E4:E5) -> 0 | G6: 43844 | H6: 43850
G7: 43851 | H7: 43857
G8: 43858 | H8: 43864
G9: 43865 | H9: 43871
G10: 43872 | H10: 43878
G11: 43879 | H11: 43885
G12: 43886 | H12: 43892
G13: 43893 | H13: 43899
G14: 43900 | H14: 43906
G15: 43907 | H15: 43913
G16: 43914 | H16: 43920
G17: 43921 | H17: 43927
G18: 43928 | H18: 43934
... G55: 44187 | H55: 44193
H56: Total | I56: =SUM(I4:I55) -> 0 | J56: =SUM(J4:J55) -> 0

Sheet Insurance
A1: YTD amount spent
A2: ='Schedule F'!C12 -> 0
A3: Item | B3: Price | C3: Quantity | D3: Projected cost | E3: YTD farm cost | F3: For What | G3: Location Purchase
A4: Farmers market insurance | B4: 0 | C4: 0 | D4: =SUM(C4*B4) -> 0 | E4: =SUMIF('Expense tracking'!C:C,"farmers market insurance",'Expense tracking'!E:E) -> 0
A5: Farm liability insurance/ Truck/ Farmer's Market | B5: 0 | C5: 0 | D5: =SUM(C5*B5) -> 0 | E5: =SUMIF('Expense tracking'!C:C,"farm liability insurance/ truck/ farmer's market",'Expense tracking'!E:E) -> 0
A6: Total | D6: =SUM(D4:D5) -> 0 | E6: =SUM(E4:E5) -> 0

Sheet Rent or lease
A1: YTD amount spent
A2: ='Schedule F'!C16 -> 0
A3: Item | B3: Price | C3: Quantity | D3: Projected cost | E3: YTD farm cost | F3: For What | G3: Location Purchase
A4: Vehicles, machinery, equipment | B4: 0 | C4: 0 | E4: =SUMIF('Expense tracking'!C:C,"vehicle rent",'Expense tracking'!E:E) -> 0
A5: Other (land, animals, etc) | B5: 0 | C5: 0 | E5: =SUMIF('Expense tracking'!C:C,"Other rent",'Expense tracking'!E:E) -> 0
A6: Land Bank annual fee | B6: 0 | C6: 0 | D6: =C6*B6 -> 0 | E6: =SUMIF('Expense tracking'!C:C,"Land Bank annual fee",'Expense tracking'!E:E) -> 0
A7: Total | D7: =SUM(D4:D6) -> 0 | E7: =SUM(E4:E6) -> 0

Sheet Repairs and maintenance
A1: YTD amount spent
A2: ='Schedule F'!C17 -> 0
A3: Item | B3: Price | C3: Quantity | D3: Projected cost | E3: YTD farm cost | F3: Description | G3: Location Purchase
A4: BCS | B4: 0 | C4: 0 | D4: =C4*B4 -> 0 | E4: =SUMIF('Expense tracking'!C:C,"BCS",'Expense tracking'!E:E) -> 0
A5: Weed whacker | B5: 0 | C5: 0 | D5: =C5*B5 -> 0 | E5: =SUMIF('Expense tracking'!C:C,"weed whacker",'Expense tracking'!E:E) -> 0
A6: Lawn mower | B6: 0 | C6: 0 | D6: =C6*B6 -> 0 | E6: =SUMIF('Expense tracking'!C:C,"lawn mower",'Expense tracking'!E:E) -> 0
A7: Tools | B7: 0 | C7: 0 | D7: =C7*B7 -> 0 | E7: =SUMIF('Expense tracking'!C:C,"tools",'Expense tracking'!E:E) -> 0
A8: Total | D8: =SUM(D4:D7) -> 0 | E8: =SUM(E4:E7) -> 0

Sheet Seeds and plants
A1: YTD amount spent
A2: ='Schedule F'!C18 -> 0
A3: Item | B3: Price | C3: Quantity | D3: Projected cost | E3: YTD farm cost | F3: For What | G3: Location Purchase
A4: Production seed | B4: 0 | C4: 0 | D4: =C4*B4 -> 0 | E4: =SUMIF('Expense tracking'!C:C,"Production seed",'Expense tracking'!E:E) -> 0
A5: Cover crop seed | B5: 0 | C5: 0 | D5: =C5*B5 -> 0 | E5: =SUMIF('Expense tracking'!C:C,"cover crop seed",'Expense tracking'!E:E) -> 0
A6: Total | D6: =SUM(D4:D5) -> 0 | E6: =SUM(E4:E5) -> 0

Sheet Supplies
A1: YTD amount spent
A2: ='Schedule F'!C20 -> 0
A3: Item | B3: Price | C3: Quantity | D3: Projected cost | E3: YTD farm cost | F3: Description | G3: Location Purchase
A4: Infrastructure | E4: =SUMIF('Expense tracking'!C:C,"infrastructure",'Expense tracking'!E:E) -> 0
A5: Caterpillar tunnel | B5: 0 | C5: 0 | D5: =C5*B5 -> 0 | E5: =SUMIF('Expense tracking'!C:C,"caterpillar tunnel",'Expense tracking'!E:E) -> 0
A6: NS wash/pack | B6: 0 | C6: 0 | D6: =C6*B6 -> 0 | E6: =SUMIF('Expense tracking'!C:C,"NS wash/pack",'Expense tracking'!E:E) -> 0
A7: M wash/pack | B7: 0 | C7: 0 | D7: =C7*B7 -> 0 | E7: =SUMIF('Expense tracking'!C:C,"M wash/pack",'Expense tracking'!E:E) -> 0
A8: Electric fence | E8: =SUMIF('Expense tracking'!C:C,"electric fence",'Expense tracking'!E:E) -> 0
A9: gate wheels | B9: 0 | C9: 0 | D9: =C9*B9 -> 0 | E9: =SUMIF('Expense tracking'!C:C,"gate wheels",'Expense tracking'!E:E) -> 0
A10: Rubber gate handle | B10: 0 | C10: 0 | D10: =C10*B10 -> 0 | E10: =SUMIF('Expense tracking'!C:C,"rubber gate handle",'Expense tracking'!E:E) -> 0 | F10: Spring loaded rubber gate handle
A11: Electric wire | B11: 0 | C11: 0 | D11: =C11*B11 -> 0 | E11: =SUMIF('Expense tracking'!C:C,"electric wire",'Expense tracking'!E:E) -> 0 | F11: Polywire (1320 feet)
A12: Posts | B12: 0 | C12: 0 | D12: =C12*B12 -> 0 | E12: =SUMIF('Expense tracking'!C:C,"posts",'Expense tracking'!E:E) -> 0 | F12: 8' t-post
A13: Insulators | B13: 0 | C13: 0 | D13: =C13*B13 -> 0 | E13: =SUMIF('Expense tracking'!C:C,"insulators",'Expense tracking'!E:E) -> 0 | F13: 25 per pack
A14: Fence battery | B14: 0 | C14: 0 | D14: =C14*B14 -> 0 | E14: =SUMIF('Expense tracking'!C:C,"fence battery",'Expense tracking'!E:E) -> 0 | F14: American Farmworks 10-mile solar low impedance fence charger
A15: Trellis materials | E15: =SUMIF('Expense tracking'!C:C,"trellis materials",'Expense tracking'!E:E) -> 0
A16: Stakes | B16: 0 | C16: 0 | D16: =C16*B16 -> 0 | E16: =SUMIF('Expense tracking'!C:C,"Stakes",'Expense tracking'!E:E) -> 0
A17: Twine | B17: 0 | C17: 0 | D17: =C17*B17 -> 0 | E17: =SUMIF('Expense tracking'!C:C,"Twine",'Expense tracking'!E:E) -> 0
A18: Greenhouse materials | E18: =SUMIF('Expense tracking'!C:C,"greenhouse materials",'Expense tracking'!E:E) -> 0
A19: Racks | B19: 0 | C19: 0 | D19: =C19*B19 -> 0 | E19: =SUMIF('Expense tracking'!C:C,"Racks",'Expense tracking'!E:E) -> 0 | F19: for curing produce
A20: Seed flats | B20: 0 | C20: 0 | D20: =C20*B20 -> 0 | E20: =SUMIF('Expense tracking'!C:C,"Seed flats",'Expense tracking'!E:E) -> 0 | F20: replacements
A21: Potting soil | B21: 0 | C21: 0 | D21: =C21*B21 -> 0 | E21: =SUMIF('Expense tracking'!C:C,"potting soil",'Expense tracking'!E:E) -> 0
A22: Seed tables | B22: 0 | C22: 0 | D22: =C22*B22 -> 0 | E22: =SUMIF('Expense tracking'!C:C,"Seed tables",'Expense tracking'!E:E) -> 0 | F22: Greenhouse Tracey
A23: Cinderblocks | B23: 0 | C23: 0 | D23: =C23*B23 -> 0 | E23: =SUMIF('Expense tracking'!C:C,"Cinderblocks",'Expense tracking'!E:E) -> 0 | F23: Greenhouse Tracey
A24: Heat mats | B24: 0 | C24: 0 | D24: =C24*B24 -> 0 | E24: =SUMIF('Expense tracking'!C:C,"Heat mats",'Expense tracking'!E:E) -> 0 | F24: Agritape heat mat 22"x8'
A25: Heat cords | B25: 0 | C25: 0 | D25: =C25*B25 -> 0 | E25: =SUMIF('Expense tracking'!C:C,"Heat cords",'Expense tracking'!E:E) -> 0
A26: Propane heater | B26: 0 | C26: 0 | D26: =C26*B26 -> 0 | E26: =SUMIF('Expense tracking'!C:C,"Propane heater",'Expense tracking'!E:E) -> 0
A27: Extension Cord prong | B27: 0 | C27: 0 | D27: =C27*B27 -> 0 | E27: =SUMIF('Expense tracking'!C:C,"Extension cord prong",'Expense tracking'!E:E) -> 0
A28: Sand | B28: 0 | C28: 0 | D28: =C28*B28 -> 0 | E28: =SUMIF('Expense tracking'!C:C,"sand",'Expense tracking'!E:E) -> 0
A29: Bucket | B29: 0 | C29: 0 | D29: =C29*B29 -> 0 | E29: =SUMIF('Expense tracking'!C:C,"bucket",'Expense tracking'!E:E) -> 0
A30: Field supplies | E30: =SUMIF('Expense tracking'!C:C,"field supplies",'Expense tracking'!E:E) -> 0
A31: Dustin Mizer | B31: 0 | C31: 0 | D31: =C31*B31 -> 0 | E31: =SUMIF('Expense tracking'!C:C,"Dustin Mizer",'Expense tracking'!E:E) -> 0 | F31: powder spreader
A32: Hand Soap | B32: 0 | C32: 0 | D32: =C32*B32 -> 0 | E32: =SUMIF('Expense tracking'!C:C,"Hand soap",'Expense tracking'!E:E) -> 0
A33: Bleach | B33: 0 | C33: 0 | D33: =C33*B33 -> 0 | E33: =SUMIF('Expense tracking'!C:C,"Bleach",'Expense tracking'!E:E) -> 0
A34: Irrigation parts | B34: 0 | C34: 0 | D34: =C34*B34 -> 0 | E34: =SUMIF('Expense tracking'!C:C,"Irrigation parts",'Expense tracking'!E:E) -> 0
A35: mister spigot | B35: 0 | C35: 0 | D35: =C35*B35 -> 0 | E35: =SUMIF('Expense tracking'!C:C,"mister spigot",'Expense tracking'!E:E) -> 0
A36: harvest knives | B36: 0 | C36: 0 | D36: =C36*B36 -> 0 | E36: =SUMIF('Expense tracking'!C:C,"harvest knives",'Expense tracking'!E:E) -> 0
A37: cold weather gloves | B37: 0 | C37: 0 | D37: =C37*B37 -> 0 | E37: =SUMIF('Expense tracking'!C:C,"cold weather gloves",'Expense tracking'!E:E) -> 0
A38: nitrile gloves | B38: 0 | C38: 0 | D38: =C38*B38 -> 0 | E38: =SUMIF('Expense tracking'!C:C,"nitrile gloves",'Expense tracking'!E:E) -> 0
A39: work clothing | B39: 0 | C39: 0 | D39: =C39*B39 -> 0 | E39: =SUMIF('Expense tracking'!C:C,"work clothing",'Expense tracking'!E:E) -> 0 | F39: predetermined set amount for field work
A40: ramps for BCS | B40: 0 | C40: 0 | D40: =C40*B40 -> 0 | E40: =SUMIF('Expense tracking'!C:C,"ramps for BCS",'Expense tracking'!E:E) -> 0
A41: hay | B41: 0 | C41: 0 | D41: =C41*B41 -> 0 | E41: =SUMIF('Expense tracking'!C:C,"hay",'Expense tracking'!E:E) -> 0
A42: pressure washer | B42: 0 | C42: 0 | D42: =C42*B42 -> 0 | E42: =SUMIF('Expense tracking'!C:C,"pressure washer",'Expense tracking'!E:E) -> 0
A43: Marketing materials | E43: =SUMIF('Expense tracking'!C:C,"marketing materials",'Expense tracking'!E:E) -> 0
A44: ice packs | B44: 0 | C44: 0 | D44: =C44*B44 -> 0 | E44: =SUMIF('Expense tracking'!C:C,"ice packs",'Expense tracking'!E:E) -> 0
A45: ice | B45: 0 | C45: 0 | D45: =C45*B45 -> 0 | E45: =SUMIF('Expense tracking'!C:C,"ice",'Expense tracking'!E:E) -> 0
A46: large cooler | B46: 0 | C46: 0 | D46: =C46*B46 -> 0 | E46: =SUMIF('Expense tracking'!C:C,"large cooler",'Expense tracking'!E:E) -> 0
A47: small cooler | B47: 0 | C47: 0 | D47: =C47*B47 -> 0 | E47: =SUMIF('Expense tracking'!C:C,"small cooler",'Expense tracking'!E:E) -> 0
A48: cardstock | B48: 0 | C48: 0 | D48: =C48*B48 -> 0 | E48: =SUMIF('Expense tracking'!C:C,"cardstock",'Expense tracking'!E:E) -> 0 | F48: Wordpress
A49: website | B49: 0 | C49: 0 | D49: =C49*B49 -> 0 | E49: =SUMIF('Expense tracking'!C:C,"website",'Expense tracking'!E:E) -> 0 | F49: Vista Print
A50: business cards | B50: 0 | C50: 0 | D50: =C50*B50 -> 0 | E50: =SUMIF('Expense tracking'!C:C,"business cards",'Expense tracking'!E:E) -> 0 | F50: Yoders
A51: rubber bands | B51: 0 | C51: 0 | D51: =C51*B51 -> 0 | E51: =SUMIF('Expense tracking'!C:C,"rubber bands",'Expense tracking'!E:E) -> 0 | F51: uline 12x20
A52: large bags | B52: 0 | C52: 0 | D52: =C52*B52 -> 0 | E52: =SUMIF('Expense tracking'!C:C,"large bags",'Expense tracking'!E:E) -> 0 | F52: uline 10x15
A53: small bags | B53: 0 | C53: 0 | D53: =C53*B53 -> 0 | E53: =SUMIF('Expense tracking'!C:C,"small bags",'Expense tracking'!E:E) -> 0 | F53: Yoders
A54: paper bags | B54: 0 | C54: 0 | D54: =C54*B54 -> 0 | E54: =SUMIF('Expense tracking'!C:C,"paper bags",'Expense tracking'!E:E) -> 0
A55: pints | B55: 0 | C55: 0 | D55: =C55*B55 -> 0 | E55: =SUMIF('Expense tracking'!C:C,"pints",'Expense tracking'!E:E) -> 0 | F55: Yoders
A56: quarts | B56: 0 | C56: 0 | D56: =C56*B56 -> 0 | E56: =SUMIF('Expense tracking'!C:C,"quarts",'Expense tracking'!E:E) -> 0 | F56: uline
A57: twist ties | B57: 0 | C57: 0 | D57: =C57*B57 -> 0 | E57: =SUMIF('Expense tracking'!C:C,"twist ties",'Expense tracking'!E:E) -> 0
A58: seedling cups | B58: 0 | C58: 0 | D58: =C58*B58 -> 0 | E58: =SUMIF('Expense tracking'!C:C,"seedling cups",'Expense tracking'!E:E) -> 0
A59: compost bags | B59: 0 | C59: 0 | D59: =C59*B59 -> 0 | E59: =SUMIF('Expense tracking'!C:C,"compost bags",'Expense tracking'!E:E) -> 0
A60: T-shirts of other Swag to sell? | B60: 0 | D60: =C60*B60 -> 0 | E60: =SUMIF('Expense tracking'!C:C,"t-shirts",'Expense tracking'!E:E) -> 0
A61: Farmers market display | B61: 0 | C61: 0 | D61: =C61*B61 -> 0 | E61: =SUMIF('Expense tracking'!C:C,"farmers market display",'Expense tracking'!E:E) -> 0 | F61: Amazon
A62: Supplemental CSA items | B62: 0 | C62: 0 | D62: =C62*B62 -> 0 | E62: =SUMIF('Expense tracking'!C:C,"supplemental CSA items",'Expense tracking'!E:E) -> 0
A63: Office supplies | E63: =SUMIF('Expense tracking'!C:C,"office supplies",'Expense tracking'!E:E) -> 0
A64: business meal | B64: 0 | C64: 0 | D64: =C64*B64 -> 0 | E64: =SUMIF('Expense tracking'!C:C,"business meal",'Expense tracking'!E:E) -> 0
A65: Ink for printer | B65: 0 | C65: 0 | D65: =C65*B65 -> 0 | E65: =SUMIF('Expense tracking'!C:C,"ink for printer",'Expense tracking'!E:E) -> 0
A66: Paper | B66: 0 | C66: 0 | D66: =C66*B66 -> 0 | E66: =SUMIF('Expense tracking'!C:C,"paper",'Expense tracking'!E:E) -> 0
A67: Stamps | B67: 0 | C67: 0 | D67: =C67*B67 -> 0 | E67: =SUMIF('Expense tracking'!C:C,"stamps",'Expense tracking'!E:E) -> 0
A68: Lamination | B68: 0 | C68: 0 | D68: =C68*B68 -> 0 | E68: =SUMIF('Expense tracking'!C:C,"lamination",'Expense tracking'!E:E) -> 0
A69: Total | D69: =SUM(D11:D68) -> 0 | E69: =SUM(E4:E68) -> 0

Sheet Taxes
A1: YTD amount spent
A2: ='Schedule F'!C21 -> 0
A3: Item | B3: Price | C3: Quantity | D3: Projected cost | E3: YTD cost | F3: For What | G3: Location Purchase
A5: Total | D5: =SUM(D4:D4) -> 0 | E5: =SUM(E4:E4) -> 0

Sheet Utilities
A1: YTD amount spent
A2: ='Schedule F'!C22 -> 0
A3: Item | B3: Price | C3: Quantity | D3: Projected cost | E3: YTD farm cost | F3: For What | G3: Location Purchase
A4: Computer and Internet | B4: 0 | C4: 0 | D4: =C4*B4 -> 0 | E4: =SUMIF('Expense tracking'!C:C,"computer and internet",'Expense tracking'!E:E) -> 0
A5: Cellphone | B5: 0 | C5: 0 | D5: =C5*B5 -> 0 | E5: =SUMIF('Expense tracking'!C:C,"cellphone",'Expense tracking'!E:E) -> 0
A6: Electricity | B6: 0 | C6: 0 | D6: =C6*B6 -> 0 | E6: =SUMIF('Expense tracking'!C:C,"Electricity",'Expense tracking'!E:E) -> 0
A7: Backflow test | B7: 0 | C7: 0 | D7: =C7*B7 -> 0 | E7: =SUMIF('Expense tracking'!C:C,"backflow test",'Expense tracking'!E:E) -> 0
A8: Water bill | B8: 0 | C8: 0 | D8: =C8*B8 -> 0 | E8: =SUMIF('Expense tracking'!C:C,"Water @ Art's",'Expense tracking'!E:E) -> 0
A9: Total | D9: =SUM(D4:D8) -> 0 | E9: =SUM(E4:E8) -> 0

Sheet Other expenses
A1: YTD amount spent
A2: ='Schedule F'!C24 -> 0
A3: Item | B3: Price | C3: Quantity | D3: Projected cost | E3: YTD farm cost | F3: For What | G3: Location Purchase
A4: Conference and workshop attendance | B4: 0 | C4: 0 | D4: =C4*B4 -> 0 | E4: =SUMIF('Expense tracking'!C:C,"conference and workshop attendance",'Expense tracking'!E:E) -> 0 | F4: continued education
A5: OEFFA | B5: 0 | C5: 0 | D5: =C5*B5 -> 0 | E5: =SUMIF('Expense tracking'!C:C,"OEFFA",'Expense tracking'!E:E) -> 0
A6: GCGC | B6: 0 | C6: 0 | D6: =C6*B6 -> 0 | E6: =SUMIF('Expense tracking'!C:C,"GCGC",'Expense tracking'!E:E) -> 0
A7: Farmers Market Application Fee | B7: 0 | C7: 0 | D7: =C7*B7 -> 0 | E7: =SUMIF('Expense tracking'!C:C,"Farmers market application fee",'Expense tracking'!E:E) -> 0
A8: Farmers Market Rental Fee | B8: 0 | C8: 0 | D8: =C8*B8 -> 0 | E8: =SUMIF('Expense tracking'!C:C,"Farmers market rental fee",'Expense tracking'!E:E) -> 0
A9: Total | D9: =SUM(D4:D8) -> 0 | E9: =SUM(E4:E8) -> 0

Sheet Conservation expenses
A1: Item | B1: Price | C1: Quantity | D1: Projected cost | E1: YTD cost | F1: For What | G1: Location Purchase
A4: Total | D4: =SUM(D2:D3) -> 0 | E4: =SUM(E2:E3) -> 0

Sheet Depreciation
A1: Item | B1: Price | C1: Quantity | D1: Projected cost | E1: YTD cost | F1: For What | G1: Location Purchase
A10: Total | D10: =SUM(D2:D9) -> 0 | E10: =SUM(E2:E9) -> 0

Sheet Employee benefit programs
A1: Item | B1: Price | C1: Quantity | D1: Projected cost | E1: YTD cost | F1: For What | G1: Location Purchase
A4: Total | D4: =SUM(D2:D3) -> 0 | E4: =SUM(E2:E3) -> 0

Sheet Feed
A1: Item | B1: Price | C1: Quantity | D1: Projected cost | E1: YTD cost | F1: For What | G1: Location Purchase
A4: Total | D4: =SUM(D2:D3) -> 0 | E4: =SUM(E2:E3) -> 0

Sheet Freight and trucking
A1: Item | B1: Price | C1: Quantity | D1: Projected cost | E1: YTD cost | F1: For What | G1: Location Purchase
A4: Total | D4: =SUM(D2:D3) -> 0 | E4: =SUM(E2:E3) -> 0

Sheet Interest
A1: Item | B1: Price | C1: Quantity | D1: Projected cost | E1: YTD cost | F1: For What | G1: Location Purchase
A4: Total | D4: =SUM(D2:D3) -> 0 | E4: =SUM(E2:E3) -> 0

Sheet Pension and profit-sharing
A1: Item | B1: Price | C1: Quantity | D1: Projected cost | E1: YTD cost | F1: For What | G1: Location Purchase
A4: Total | D4: =SUM(D2:D3) -> 0 | E4: =SUM(E2:E3) -> 0

Sheet Storage and warehousing
A1: Item | B1: Price | C1: Quantity | D1: Projected cost | E1: YTD cost | F1: For What | G1: Location Purchase
A3: Total | D3: =SUM(D2:D2) -> 0 | E3: =SUM(E2:E2) -> 0

Sheet Veterinary
A1: Item | B1: Price | C1: Quantity | D1: Projected cost | E1: YTD cost | F1: For What | G1: Location Purchase
A3: Total | D3: =SUM(D2:D2) -> 0 | E3: =SUM(E2:E2) -> 0
